 Dungeon Crawl Stone Soup version 0.32-a0-960-g3814254bd7 (webtiles) character file.

Game seed: 7236736637243683860

10051729 Pim the Conqueror (level 27, 249/249 HPs)
             Began as a Human Warper on Apr 14, 2024.
             Was the Champion of Jiyva.
             Escaped with the Orb
             ... and 15 runes on Apr 17, 2024!
             The game lasted 14:56:45 (173301 turns).

Pim the Conqueror (Human Warper)                  Turns: 173301, Time: 14:56:46

Health: 249/249    AC: 35    Str: 16    XL:     27
Magic:  61/61      EV: 54    Int: 24    God:    Jiyva [******]
Gold:   16779      SH: 40    Dex: 50    Spells: 18/76 levels left

rFire   + + +        b - +8 autumn katana {manifold assault}
rCold   + + +        e - +5 tower shield {reflect}
rNeg    + + +        y - +7 chain mail of the Neverending Loafs {Regen+ Int-5 Dex+7}
rPois   ∞            R - +1 hat of Peopsauh {rN+++ Will+ MP+9 Dex+2}
rElec   +            T - scarf {rC+ rF+}
rCorr   +            N - +1 pair of gloves "Ecosill" {rElec Str+3}
SInv    +            o - +0 pair of boots of Pathos {Str+2 Int+6}
Will    ++++.        g - amulet "Nanieh" {rF+ RegenMP+ Str+2 Dex+4}
Stlth   +            C - ring "Ebbiul" {rC+ Int+3 Dex+4 Slay+4 SInv}
HPRegen 3.01/turn    A - ring "Veybaps" {rElec rPois Str-3 Int+5 Dex+6}
MPRegen 1.57/turn

%: reflection
@: death-form, studying 7 skills
A: vile attack, torment immunity, no potions, explore regen, antennae 2, agile
1, fire resistance 1, poison resistance, shaggy fur 1, wild magic 3, acidic
bite, gelatinous body 3, evolution 1, sturdy frame 2
0: Orb of Zot
}: 15/15 runes: barnacled, slimy, silver, golden, iron, obsidian, icy, bone,
abyssal, demonic, glowing, magical, fiery, dark, gossamer
a: Siphon Essence, Begin Untransformation, Renounce Religion, Oozemancy, Slimify


You escaped.
You worshipped Jiyva.
Jiyva was exalted by your worship.
You were an undying horror.
You visited 18 branches of the dungeon, and saw 88 of its levels.
You visited Pandemonium 7 times, and saw 59 of its levels.
You visited the Abyss 3 times.
You visited 2 bazaars.
You completed 1 ziggurat, and saw 27 of its levels.
You also visited: Trove, Sewer, Ossuary, Bailey, Ice Cave, Volcano, Wizlab and Desolation.

You collected 54247 gold pieces.
You spent 11849 gold pieces at shops.
You paid 25619 gold pieces to Gozag.

Inventory:

Hand Weapons
 a - the +11 Singing Sword {sonic wave}
   (You found it on level 16 of a ziggurat)
 b - the +8 autumn katana (weapon) {manifold assault}
   (You found it on level 2 of the Lair of Beasts)
 q - a +2 whip of distortion
Missiles
 u - 6 silver javelins
 I - 11 throwing nets
 M - 24 javelins
Armour
 e - a +5 tower shield of reflection (worn)
 o - the +0 pair of boots of Pathos (worn) {Str+2 Int+6}
   (You found it on level 2 of the Vaults)

   Str+2:     It affects your strength (+2).
   Int+6:     It affects your intelligence (+6).
 y - the +7 chain mail of the Neverending Loafs (worn) {Regen+ Int-5 Dex+7}
   (You found it in a treasure trove)

   Int-5:     It affects your intelligence (-5).
   Dex+7:     It affects your dexterity (+7).
   Regen+:    It increases your rate of health regeneration.
 N - the +1 pair of gloves "Ecosill" (worn) {rElec Str+3}
   (You bought it in a shop on level 2 of the Vaults)

   Str+3:     It affects your strength (+3).
   rElec:     It insulates you from electricity.
 R - the +1 hat of Peopsauh (worn) {rN+++ Will+ MP+9 Dex+2}
   (You found it on level 3 of the Tomb of the Ancients)

   Dex+2:     It affects your dexterity (+2).
   rN+++:     It renders you almost immune to negative energy.
   Will+:     It increases your willpower.
   MP+9:      It affects your magic capacity (+9).
 T - a scarf of resistance (worn)
 U - the +1 hat of Parghyuf {rElec rF+ Regen+}
   (You acquired it on level 15 of a ziggurat)

   rF+:       It protects you from fire.
   rElec:     It insulates you from electricity.
   Regen+:    It increases your rate of health regeneration.
 Y - the +3 pair of gauntlets of War {Slay+5}
   (You found it on level 15 of a ziggurat)

   Slay+5:    It affects your accuracy & damage with ranged weapons and melee
   (+5).
Jewellery
 g - the amulet "Nanieh" (around neck) {rF+ RegenMP+ Str+2 Dex+4}
   (You took it off a merfolk on level 4 of the Shoals)

   [amulet of magic regeneration]

   It increases your rate of magic regeneration.
   Str+2:     It affects your strength (+2).
   Dex+4:     It affects your dexterity (+4).
   rF+:       It protects you from fire.
   RegenMP+:  It increases your rate of magic regeneration.
 l - the ring of Mogaza {rC++ EV+5 Str+2 SInv}
   (You bought it in a shop on level 2 of the Orcish Mines)

   [ring of evasion]

   EV+5:      It affects your evasion (+5).
   Str+2:     It affects your strength (+2).
   rC++:      It greatly protects you from cold.
   SInv:      It lets you see invisible.
 A - the ring "Veybaps" (right hand) {rElec rPois Str-3 Int+5 Dex+6}
   (You found it on level 3 of the Tomb of the Ancients)

   [ring of dexterity]

   Str-3:     It affects your strength (-3).
   Int+5:     It affects your intelligence (+5).
   Dex+6:     It affects your dexterity (+6).
   rElec:     It insulates you from electricity.
   rPois:     It protects you from poison.
 C - the ring "Ebbiul" (left hand) {rC+ Int+3 Dex+4 Slay+4 SInv}
   (You found it on level 16 of a ziggurat)

   [ring of slaying]

   Int+3:     It affects your intelligence (+3).
   Dex+4:     It affects your dexterity (+4).
   Slay+4:    It affects your accuracy & damage with ranged weapons and melee
   (+4).
   rC+:       It protects you from cold.
   SInv:      It lets you see invisible.
 J - the ring of Meaw {+Blink rElec rF+ rC- MP+9}
   (You found it in Pandemonium)

   [ring of magical power]

   rF+:       It protects you from fire.
   rC-:       It makes you vulnerable to cold.
   rElec:     It insulates you from electricity.
   MP+9:      It affects your magic capacity (+9).
   +Blink:    It lets you blink.
Talismans
 V - a talisman of death (active)
Wands
 d - a wand of acid (59) (quivered)
 D - a wand of digging (66)
Scrolls
 c - 19 scrolls of blinking
 f - 27 scrolls of fog
 h - 23 scrolls of immolation
 i - 7 scrolls of silence
 s - 36 scrolls of teleportation
 x - 18 scrolls of fear
 B - 3 scrolls of butterflies
 P - 12 scrolls of revelation
Potions
 k - 8 potions of enlightenment
 n - 14 potions of brilliance
 r - 9 potions of ambrosia
 t - 12 potions of cancellation
 v - 44 potions of heal wounds
 w - 10 potions of magic
 z - 7 potions of haste
 E - 42 potions of curing
 F - 14 potions of lignification
 G - 6 potions of might
 H - 10 potions of resistance
 Q - 29 potions of mutation
 X - 21 potions of attraction
Miscellaneous
 j - the horn of Geryon
 p - 2 +1 figurines of a ziggurat
 K - a sack of spiders
 L - a tin of tremorstones (2/2)
 O - a phial of floods
 S - a lightning rod (4/4)
 Z - a phantom mirror


   Skills:
 O Level 27 Fighting
 O Level 27 Long Blades
 O Level 27 Throwing
 O Level 27 Armour
 O Level 27 Dodging
 O Level 27 Shields
 + Level 25.1 Spellcasting
 + Level 25.9 Summonings
 O Level 27 Translocations
 - Level 8.0 Ice Magic
 - Level 7.0 Air Magic
 + Level 23.9 Invocations
 + Level 25.9 Evocations
 O Level 27 Shapeshifting


You had 18 spell levels left.
You knew the following spells:

 Your Spells              Type           Power      Damage    Failure   Level
a - Blink                 Tloc           100%       N/A       1%          2
b - Lesser Beckoning      Tloc           100%       N/A       1%          2
c - Gell's Gavotte        Tloc           70%        2d(43-64) 1%          6
d - Teleport Other        Tloc           100%       N/A       1%          3
e - Manifold Assault      Tloc           70%        N/A       1%          7
f - Summon Forest         Summ/Tloc      70%        N/A       1%          5
g - Ozocubu's Armour      Ice            92%        N/A       3%          3
h - Disjunction           Tloc           70%        N/A       3%          8
i - Malign Gateway        Summ/Tloc      70%        N/A       1%          7
j - Dispersal             Tloc           70%        N/A       1%          6
l - Vhi's Electric Charg  Tloc/Air       100%       N/A       1%          4
o - Apportation           Tloc           100%       N/A       1%          1
z - Passage of Golubria   Tloc           100%       N/A       1%          4

Your spell library contained the following spells:

 Spells                   Type           Power      Damage    Failure   Level
 Freeze                   Ice            100%       1d10      1%          1
 Summon Small Mammal      Summ           100%       N/A       1%          1
 Call Imp                 Summ           100%       N/A       1%          2
 Momentum Strike          Conj/Tloc      100%       3d10      1%          2
 Call Canine Familiar     Summ           100%       N/A       1%          3
 Maxwell's Portable Pile  Tloc           100%       2d(15-43) 1%          3
 Summon Ice Beast         Ice/Summ       100%       N/A       1%          3
 Volatile Blastmotes      Fire/Tloc      100%       2d18      1%          3
 Dimensional Bullseye     Hex/Tloc       55%        N/A       1%          4
 Iskenderun's Mystic Bla  Conj/Tloc      100%       2d19      (+2d11%     4
 Summon Lightning Spire   Summ/Air       100%       N/A       1%          4
 Summon Cactus Giant      Summ           69%        N/A       1%          6
 Monstrous Menagerie      Summ           69%        N/A       1%          7
 Summon Hydra             Summ           69%        N/A       1%          7
 Animate Armour           Summ/Erth      100%       N/A       2%          4
 Martyr's Knell           Necr/Summ      100%       N/A       2%          4
 Summon Blazeheart Golem  Fire/Summ      100%       N/A       2%          4
 Frozen Ramparts          Ice            100%       1d16      3%          3
 Swiftness                Air            88%        N/A       3%          3
 Summon Mana Viper        Hex/Summ       100%       N/A       3%          5
 Summon Horrible Things   Summ           69%        N/A       3%          8
 Shock                    Conj/Air       100%       1d9       4%          1
 Ensorcelled Hibernation  Hex/Ice        100%       N/A       4%          2
 Mercury Vapours          Alch/Air       100%       N/A       5%          2
 Static Discharge         Conj/Air       100%       3-8/arc   5%          2
 Cigotuvi's Dreadful Rot  Necr/Alch/Air  100%       N/A       7%          2
 Hailstorm                Conj/Ice       76%        3d13      7%          3
 Airstrike                Air            44%        2d(7-23)  7%          4
 Foxfire                  Conj/Fire      100%       2x1d9     10%         1
 Kiss of Death            Conj/Necr      100%       2d13      10%         1
 Magic Dart               Conj           100%       1d8       10%         1
 Necrotise                Necr           100%       1d9       10%         1
 Sandblast                Erth           100%       2d20      10%         1
 Sting                    Conj/Alch      100%       1d9       10%         1
 Mephitic Cloud           Conj/Alch/Air  68%        N/A       11%         3
 Jinxbite                 Hex            100%       N/A       12%         2
 Scorch                   Fire           100%       2d9       12%         2
 Searing Ray              Conj           100%       2d8       12%         2
 Sublimation of Blood     Necr           55%        N/A       12%         2
 Dragon's Call            Summ           69%        N/A       16%         9
 Confusing Touch          Hex            55%        N/A       19%         3
 Dazzling Flash           Conj/Hex       100%       N/A       19%         3
 Fugue of the Fallen      Necr           55%        N/A       19%         3
 Inner Flame              Hex/Fire       55%        N/A       19%         3
 Passwall                 Erth           55%        N/A       19%         3
 Sigil of Binding         Hex            55%        N/A       19%         3
 Stone Arrow              Conj/Erth      100%       3d13      19%         3
 Tukima's Dance           Hex            55%        N/A       19%         3
 Vampiric Draining        Necr           55%        2d9       19%         3
 Freezing Cloud           Conj/Ice/Air   40%        6-21      22%         5
 Haunt                    Necr/Summ      54%        N/A       24%         7
 Spellforged Servitor     Conj/Summ      54%        N/A       24%         7
 Metabolic Englaciation   Hex/Ice        38%        N/A       28%         5
 Arcjolt                  Conj/Air       36%        1d46      32%         5
 Anguish                  Hex/Necr       27%        N/A       43%         4
 Animate Dead             Necr           55%        N/A       43%         4
 Brom's Barrelling Bould  Conj/Erth      55%        2d7       43%         4
 Cause Fear               Hex            27%        N/A       43%         4
 Dispel Undead            Necr           55%        3d20      43%         4
 Flame Wave               Conj/Fire      55%        2d13      43%         4
 Fulminant Prism          Conj/Alch      27%        3d13      43%         4
 Ignite Poison            Fire/Alch      55%        N/A       43%         4
 Leda's Liquefaction      Alch/Erth      27%        N/A       43%         4
 Olgreb's Toxic Radiance  Alch           55%        N/A       43%         4
 Petrify                  Alch/Erth      55%        N/A       43%         4
 Sticky Flame             Fire/Alch      55%        2d10      43%         4
 Alistair's Intoxication  Alch           36%        N/A       71%         5
 Borgnjor's Vile Clutch   Necr/Erth      27%        N/A       71%         5
 Curse of Agony           Necr           55%        N/A       71%         5
 Fireball                 Conj/Fire      27%        3d12      71%         5
 Irradiate                Conj/Alch      27%        3d20      71%         5
 Iskenderun's Battlesphe  Conj           55%        2d11      71%         5
 Lee's Rapid Deconstruct  Erth           27%        3d15*     71%         5
 Yara's Violent Unravell  Hex/Alch       27%        3d12      71%         5
 Permafrost Eruption      Ice/Erth       38%        2x4d9     75%         6
 Sculpt Simulacrum        Ice/Alch       38%        N/A       75%         6
 Ozocubu's Refrigeration  Ice            46%        4d17      77%         7
 Conjure Ball Lightning   Conj/Air       36%        3x3d12    80%         6
 Plasma Beam              Fire/Air       36%        2x1d50    80%         6
 Bombard                  Conj/Erth      27%        9d5       99%         6
 Death Channel            Necr           27%        N/A       99%         6
 Eringya's Noxious Bog    Alch           27%        4d6       99%         6
 Starburst                Conj/Fire      27%        6d9       99%         6
 Magnavolt                Erth/Air       36%        3d18      99%         7
 Rimeblight               Ice/Necr       38%        2d7       (prima99%   7
 Enfeeble                 Hex            27%        N/A       100%        7
 Orb of Destruction       Conj           27%        9d9       100%        7
 Seismic Cannonade        Alch/Erth      27%        6d10      100%        7
 Borgnjor's Revivificati  Necr           27%        N/A       100%        8
 Discord                  Hex            27%        N/A       100%        8
 Fulsome Fusillade        Conj/Alch      27%        (3-5)d10  100%        8
 Ignition                 Fire           27%        3d9       100%        8
 Infestation              Necr           27%        N/A       100%        8
 Lehudib's Crystal Spear  Conj/Erth      27%        10d7      100%        8
 Maxwell's Capacitive Co  Air            44%        ∞         100%        8
 Chain Lightning          Conj/Air       36%        3d48      100%        9
 Death's Door             Necr           27%        N/A       100%        9
 Fire Storm               Conj/Fire      27%        8d7       100%        9
 Polar Vortex             Ice            46%        12d6*     100%        9
 Shatter                  Erth           27%        3d23*     100%        9


Dungeon Overview and Level Annotations

Branches:
Dungeon (15/15)            Temple (1/1) D:4            Lair (5/5) D:8
 Shoals (4/4) Lair:3       Spider (4/4) Lair:3        Slime (5/5) Lair:5
    Orc (2/2) D:10            Elf (3/3) Orc:2        Vaults (5/5) D:13
  Crypt (3/3) Vaults:2       Tomb (3/3) Crypt:3      Depths (4/4) D:15
   Hell (visited)             Dis (7/7) Hell            Geh (7/7) Hell
    Coc (7/7) Hell            Tar (7/7) Hell            Zot (5/5) Depths:4
  Sewer (visited)         Ossuary (visited)          Bailey (visited)
  IceCv (visited)         Volcano (visited)          WizLab (visited)
Desolation (visited)

Altars:
Ashenzari
Cheibriados
Dithmenos
Elyvilon
Fedhas
Gozag
Hepliaklqana
Kikubaaqudgha
Makhleb
Nemelex Xobeh
Okawaru
Qazlal
Ru
Sif Muna
Trog
Uskayaw
Vehumet
Wu Jian
Xom
Yredelemnul
Zin
The Shining One
Beogh
Jiyva
Lugonu

Shops:
D:2 =(   D:12 (=(   Orc:2 =[?[*(:   Shoals:3 !   Shoals:4 *   Spider:4 [=?*
Vaults:2 [[   Vaults:4 ==(*   Vaults:5 ==   Depths:1 :[[

Portals:
Hell: Depths:1 Depths:2 Depths:3 Depths:4
Abyss: Geh:3 Depths:3 Depths:4
Pandemonium: Depths:1 Depths:2

Annotations:
D:12 exclusion: downstairs
D:14 1 runed translucent door
Shoals:1 Roxanne
Slime:5 Royal Jelly
Depths:4 5 runed translucent doors
Zot:4 2 transporters


Innate Abilities, Weirdness & Mutations

You are an undying horror.
Your melee and unarmed attacks drain, slow and weaken victims.
You are immune to unholy pain and torment.
You cannot drink.
You regain HP and MP as you explore.
You have a pair of antennae on your head.
You are agile. (Dex +4, Str/Int -1)
Your flesh is heat resistant. (rF+)
Your system is resistant to poisons. (rPois)
You are covered in fur. (AC +1)
Your spells are much harder to cast, but much more powerful.
You have acidic saliva.
Your gelatinous body deflects attacks. (AC +3, EV +3)
You have hidden genetic potential.
Your movements are less encumbered by armour. (ER -4)


Message History

You carve the ynoxinul like a ham!!!
You kill the ynoxinul!
No target in view!
What level of the Dungeon? (default 1, ? - help)
There is a stone staircase leading up here.
You climb upwards.
There is a stone staircase leading down here.
There is a stone staircase leading up here.
You climb upwards.
There is a stone staircase leading down here.
There is a stone staircase leading up here.
You climb upwards.
There is a stone staircase leading down here.
An Executioner comes into view.
Casting: Manifold Assault (mildly dangerous; 1% risk of failure)
Confirm with . or Enter, or press ? or * to list all spells.
Space folds impossibly around your blade!
You open the Executioner like a pillowcase!!!!
You kill the Executioner!
Magic restored.
You see here a quokka skeleton.
An Orb Guardian comes into view.
Casting: Manifold Assault (mildly dangerous; 1% risk of failure)
Confirm with . or Enter, or press ? or * to list all spells.
Space folds impossibly around your blade!
You hit the Orb Guardian.
The Orb Guardian decays.
Casting: Manifold Assault (mildly dangerous; 1% risk of failure)
Confirm with . or Enter, or press ? or * to list all spells.
Space folds impossibly around your blade!
You chop the Orb Guardian into pieces!!!
The Orb Guardian decays.
Casting: Manifold Assault (mildly dangerous; 1% risk of failure)
Confirm with . or Enter, or press ? or * to list all spells.
Space folds impossibly around your blade!
You slice the Orb Guardian!!
The Orb Guardian decays.
You open the Orb Guardian like a pillowcase!!!!
You kill the Orb Guardian!
There is a staircase leading out of the dungeon here.
You can't go down here!
You have escaped!

....####.......P.P..# .##.#
##..##.P#~#P.#### .##.#
#.....##~##....# .##.#
#.....~~~~~.##.######## .##.#
#.###.##~##...........#
.##.#####.###..#~#P.##.######.#
.÷.............P....##.###.##.#
..#........##...............#.#
....#####..##...z.....##..#...###
.#### #..##........##.#.##...)÷
## #..##..P.P...###..##..### ##
#..##.P#~#P.## ##.#.##.# .#
#.....##~##.# #..##..## .#
#..##.~~~~~.# #.##..... .#
#..##.##~##.#####.#.#..## ##
######.÷##.P#~#P.....†..##..#
#.......##..P.P..######.##†>#


There were no monsters in sight!

Vanquished Creatures
  Cerebov (Pan)
  Asmodeus (Geh:7)
  Ereshkigal (Tar:7)
  Gloorx Vloq (Pan)
  the Serpent of Hell (Dis:7)
  A seraph (Pan)
  Lom Lobon (Pan)
  5 ancient liches
  Mennas (Pan)
  8 orbs of fire
  10 dread liches
  A juggernaut (Dis:7)
  Xtahua (Crypt:1)
  56 pandemonium lords
  25 royal mummies
  Vv (Zot:1)
  6 Killer Klowns
  27 shard shrikes
  4 curse toes
  39 caustic shrikes
  Geryon (Hell)
  21 golden dragons
  A Hellbinder (WizLab)
  33 bone dragons
  Jory (Crypt:1)
  3 pearl dragons
  Arachne (Spider:2)
  51 Tzitzimimeh
  7 profane servitors
  Nikola (Shoals:2)
  4 electric golems
  21 hellephants
  A spectral shard shrike (Tar:3)
  27 Brimstone Fiends
  A shard shrike zombie (Crypt:2)
  7 iron giants
  10 doom hounds
  27 tentacled monstrosities
  47 Hell Sentinels
  21 Orb Guardians
  4 walking earthen tomes
  56 Ice Fiends
  9 deep elf blademasters
  18 tainted leviathans
  2 walking crystal tomes
  22 liches
  A kraken (Abyss:4)
  9 titans
  5 quicksilver dragons
  Grunn (Zot:3)
  2 walking frostbound tomes
  15 searing wretches
  A walking divine tome (Depths:2)
  9 acid blobs
  11 deep elf master archers
  13 sphinxes
  6 death cobs
  93 Executioners
  4 eldritch tentacles
  A thorn hunter (Zig:19)
  45 ancient champions
  71 tentacled starspawn
  10 shadow dragons
  12 tengu reavers
  4 rockslimes
  18 revenants
  18 storm dragons
  50 demonspawn warmongers
  3 fenstrider witches
  4 nagarajas
  6 draconian monks
  Ilsuiw (Shoals:1)
  13 deep elf sorcerers
  An azure jelly (Slime:3)
  16 daevas
  14 narguns
  23 fire giants
  12 quicksilver elementals
  8 draconian knights
  15 vault wardens
  4 emperor scorpions
  20 frost giants
  3 spectral caustic shrikes
  14 iron dragons
  12 protean progenitors
  Louise (Shoals:2)
  4 draconian scorchers
  116 balrugs
  2 imperial myrmidons (Desolation)
  2 spectral juggernauts
  13 ghost moths
  23 angels
  4 draconian stormcallers
  4 orc warlords
  9 curse skulls
  5 juggernaut zombies
  A caustic shrike zombie (Abyss:2)
  86 reapers
  6 spriggan defenders
  13 broodmothers
  5 draconian annihilators
  90 cacodemons
  14 ghouls
  6 deep elf elementalists
  5 shard shrike simulacra
  5 caustic shrike skeletons
  24 ironbound preservers
  59 demonspawn corrupters
  29 apis (Pan)
  49 demonspawn blood saints
  54 very ugly things
  3 quicksilver oozes
  9 green draconians
  8 juggernaut skeletons
  A starflower (Abyss:2)
  8 deep elf demonologists
  57 demonspawn black suns
  24 elemental wellsprings
  8 formless jellyfish
  37 vampire knights
  4 ironbound thunderhulks
  51 lorocyprocas
  31 putrid mouths
  9 dire elephants
  14 ophanim
  10 black draconians
  27 stone giants
  18 deep elf death magi
  Nessos (D:12)
  41 war gargoyles
  16 bennus
  25 deep elf annihilators
  3 bunyips
  2 eleionomae (Zig:19)
  13 purple draconians
  12 spark wasps
  4 spectral titans
  Azrael (Orc:1)
  14 white draconians
  7 red draconians
  10 yellow draconians
  22 wendigos
  3 spectral quicksilver dragons
  3 crystal guardians
  12 iron golems
  18 ettins
  12 deep elf high priests
  23 eidola
  82 blizzard demons
  20 jiangshi
  5 ragged hierophants (Desolation)
  8 merfolk impalers
  3 quicksilver dragon zombies
  5 spriggan zombies
  53 green deaths
  2 shambling mangroves (Zig:19)
  14 entropy weavers
  12 merfolk javelineers
  18 ice dragons
  20 mummy priests
  5 salamander tyrants
  15 fire dragons
  2 spectral spriggans
  8 peacekeepers
  25 vault guards
  Erolcha (D:12)
  A spectral tengu (Tar:1)
  7 yaktaur captains
  7 great orbs of eyes
  A quicksilver dragon skeleton (Abyss:4)
  20 boulder beetles
  30 hell beasts
  2 catoblepae
  12 caustic shrike simulacra
  10 radroaches
  A stoker (Geh:7)
  4 alligators
  7 servants of whispers (Desolation)
  2 spriggan skeletons
  4 ghost crabs (Zig:19)
  11 hydras
  32 rakshasas
  4 ogre magi
  A bennu zombie (Crypt:2)
  7 juggernaut simulacra
  8 ironbound frosthearts
  5 two-headed ogres
  13 centaur warriors
  A fenstrider witch skeleton (Crypt:1)
  3 alligator snapping turtles
  6 merfolk aquamancers
  7 jorogumos
  11 spriggan air magi
  A sphinx zombie (Crypt:2)
  3 merfolk avatars
  45 dancing weapons
  2 death knights
  A two-headed ogre (shapeshifter) (Vaults:5)
  3 satyrs
  29 death scarabs
  30 hell hogs
  73 demonic crawlers
  11 deep troll shamans
  9 tengu warriors
  30 vampire magi
  12 deep troll earth magi
  6 occultists
  A naga warrior (Abyss:4)
  68 thrashing horrors
  9 spriggan berserkers
  3 death yaks
  2 storm dragon zombies
  2 titan zombies
  Urug (Orc:2)
  2 naga sharpshooters (Zig:9)
  9 orc high priests
  Sonja (D:11)
  A shock serpent (shapeshifter) (Depths:3)
  A spectral dire elephant (Tar:3)
  284 sun demons
  22 deep elf knights
  4 hellephant skeletons (Pan)
  18 hell knights
  154 soul eaters
  10 skysharks
  Amaemon (Lair:1)
  11 crystal echidnas
  98 sixfirhies
  2 golden dragon zombies (Crypt:3)
  12 sea snakes
  16 cherubim (Pan)
  64 wretched stars
  4 death drakes (Zig:22)
  17 spatial maelstroms
  Lodul (D:11)
  2 death drakes (shapeshifter)
  6 iron trolls
  A salamander mystic (Zig:9)
  2 storm dragon skeletons
  4 goliath frogs
  2 titan skeletons (Abyss:2)
  An iron giant zombie (Abyss:3)
  50 shadow wraiths
  6 spriggan druids
  7 glowing orange brains
  7 pharaoh ants
  2 fire crabs
  81 deep trolls
  A glowing orange brain (shapeshifter) (Zig:21)
  2 quicksilver dragon simulacra
  3 obsidian statues
  14 deep elf archers
  A swamp dragon (shapeshifter) (Zig:21)
  41 skeletal warriors
  7 swamp dragons
  A naga ritualist (Zig:9)
  15 orb spiders
  10 bog bodies
  2 orange crystal statues (Zig:23)
  7 sun moths
  An anaconda zombie (Abyss:2)
  51 shadow demons
  2 mana vipers
  7 arcanists
  A spectral hydra (Tar:1)
  6 thermic dynamos
  21 phantasmal warriors
  A harpy (shapeshifter) (Zig:24)
  42 deep elf pyromancers
  9 steelbarb worms
  8 obsidian bats
  Pikel (D:6)
  28 flayed ghosts
  A goliath frog zombie (Crypt:3)
  14 lindwurms
  A sphinx simulacrum (Depths:3)
  A bunyip skeleton (Abyss:2)
  31 deep elf zephyrmancers
  2 golden dragon skeletons
  28 harpies
  10 orc knights
  19 ironbound convokers
  27 wolf spiders
  29 oklob plants
  257 large abominations
  14 orc sorcerers
  An alligator zombie (Tomb:2)
  13 necromancers
  13 fauns
  2 stone giant zombies
  A shining eye (Slime:3)
  55 ugly things
  27 moths of wrath
  9 cyclopes
  16 manticores
  27 worldbinders
  6 meliai
  A salamander (Zig:9)
  12 guardian serpents
  5 kobold blastminers
  A tengu skeleton (Vaults:2)
  Joseph (Lair:1)
  2 frost giant skeletons
  4 Executioner simulacra (Pan)
  219 smoke demons
  2 meliai (shapeshifter)
  8 will-o-the-wisps
  5 toenail golems (Volcano)
  A naga mage (Zig:9)
  14 elephants
  A black mamba (shapeshifter) (Zig:10)
  5 human skeletons (Vaults:2)
  30 rust devils
  15 black mambas
  3 titan simulacra
  13 vault sentinels
  A spectral centaur (Tar:1)
  12 apocalypse crabs
  15 water nymphs
  A dire elephant zombie (Abyss:2)
  A molten gargoyle (Desolation)
  15 merfolk sirens
  10 ice statues
  18 torpor snails
  95 orange demons
  97 hellions
  3 gargoyles
  27 cane toads
  A pale draconian zombie (Crypt:1)
  A cane toad (shapeshifter) (Abyss:2)
  7 unseen horrors
  A centaur skeleton (Abyss:2)
  Jeremiah (D:6)
  Maggie (D:9)
  11 efreet
  2 kobold demonologists
  An unseen horror (shapeshifter) (Abyss:3)
  7 anaconda simulacra
  56 tormentors
  13 freezing wraiths
  2 spectral nagas (Tar:1)
  13 komodo dragons
  29 yaktaurs
  2 death yak skeletons (Crypt:1)
  4 bunyip simulacra
  31 red devils
  12 rime drakes
  47 ice devils
  3 spectral harpies (Tar:3)
  A hydra zombie (Crypt:3)
  A golden dragon simulacrum (Coc:5)
  A white draconian skeleton (Crypt:2)
  51 guardian mummies
  3 tengu conjurers
  9 trolls
  49 ancient zymes
  3 harpy zombies
  3 silent spectres
  A yaktaur skeleton (Vaults:2)
  A minotaur skeleton (Abyss:2)
  34 merfolk
  87 hellwings
  2 polar bears
  17 hornets
  56 saltlings (Desolation)
  A shadow dragon simulacrum (Abyss:2)
  A glass eye (Depths:1)
  2 harpy skeletons
  19 jumping spiders
  A tyrant leech (Zig:19)
  A tyrant leech (shapeshifter) (Depths:3)
  29 tarantellas
  41 blink frogs
  A jumping spider (shapeshifter) (Abyss:2)
  2 wolf spider simulacra (D:13)
  129 raiju
  12 snapping turtles
  9 wind drakes
  A merfolk zombie (Tomb:1)
  A dream sheep (shapeshifter) (Depths:1)
  13 dream sheep
  5 iron dragon simulacra
  58 slime creatures
  A human simulacrum (Coc:2)
  A spectral black mamba (Tar:1)
  21 water elementals
  19 vampires
  A stone giant simulacrum (Coc:4)
  A satyr skeleton (Crypt:3)
  A shadow (D:9)
  A centaur simulacrum (Coc:2)
  2 black mamba zombies
  2 ettin skeletons
  19 culicivoras
  10 spriggans
  206 ynoxinuls
  A fire dragon skeleton (Crypt:1)
  19 wyverns
  17 wraiths
  33 yaks
  8 fire elementals
  28 ushabtiu
  A fire bat (shapeshifter) (Abyss:2)
  8 dire elephant simulacra
  2 air elementals
  20 fire bats
  6 basilisks
  A black mamba skeleton (Abyss:2)
  4 golden eyes
  100 neqoxecs
  10 humans
  Menkaure (D:6)
  3 alligator snapping turtle simulacra
  7 wargs
  A yaktaur simulacrum (Vaults:4)
  A redback (shapeshifter) (Elf:3)
  10 steam dragons
  116 chaos spawn
  3 nagas
  48 redbacks
  5 death yak simulacra (IceCv)
  A faun zombie (Crypt:3)
  2 human zombies
  17 harpy simulacra
  2 naga zombies
  53 spatial vortices
  16 vampire mosquitoes
  26 water moccasins
  7 acid dragons
  28 hell hounds
  3 hydra simulacra
  A glowing shapeshifter skeleton (Crypt:2)
  A sky beast (Abyss:2)
  3 swamp drakes
  2 naga skeletons
  A meliai simulacrum (D:13)
  2 ice beasts
  A black bear (D:6)
  5 ettin simulacra
  67 orc warriors
  20 ogres
  81 laughing skulls
  An ogre (shapeshifter) (Abyss:3)
  8 boggarts
  17 centaurs
  7 wolves
  2 lemures (D:6)
  12 kobold brigands
  A nameless horror (Pan)
  13 bullfrogs
  28 weeping skulls
  4 earth elementals
  16 brain worms
  A scorpion (shapeshifter) (Abyss:4)
  A gnoll sergeant (D:6)
  A wyvern zombie (Crypt:2)
  2 scorpions
  2 cane toad simulacra (IceCv)
  112 small abominations
  10 wights (Abyss:2)
  3 shapeshifter zombies (Crypt:1)
  3 elephant simulacra (IceCv)
  5 killer bees (D:8)
  A swamp dragon simulacrum (Coc:1)
  4 howler monkeys
  6 electric eels
  A troll skeleton (Crypt:1)
  5 bombardier beetles
  7 jellies
  3 crimson imps
  4 centaur zombies
  19 quasits
  2 black bear zombies
  4 hounds
  162 starcursed masses
  12 iron imps
  29 orc priests
  2 iguanas
  Ijyb (D:5)
  33 orc wizards
  11 hell rats
  5 polar bear simulacra (IceCv)
  A troll simulacrum (IceCv)
  11 spriggan simulacra
  5 wolf simulacra (IceCv)
  A deep dwarf skeleton (Crypt:2)
  A boggart simulacrum (D:13)
  57 mummies
  9 gnolls
  A swamp drake zombie (Crypt:3)
  13 adders
  6 naga simulacra
  6 river rats (Sewer)
  3 shadow imps
  22 white imps
  37 ufetubi
  4 dart slugs
  4 ribbon worms
  97 orcs
  A bat skeleton (Crypt:3)
  13 endoplasms
  8 giant cockroaches
  10 goblins
  2 hobgoblins
  5 jackals
  34 kobolds
  7 quokkas
  14 ball pythons
  7 bats
  5 frilled lizards
  A frilled lizard skeleton (Crypt:2)
  2 gnoll zombies (Ossuary)
  A goblin zombie (D:4)
  A hobgoblin zombie (Ossuary)
  3 kobold zombies (Ossuary)
  3 orc zombies
  18 rats
  A rat zombie (D:4)
  8 aspiring fleshes
  4 ball lightnings
  A butterfly (D:4)
  5 creeping infernos
  28 fire vortices
  7 lurking horrors
  55 starspawn tentacles
  6 tentacles
8683 creatures vanquished.

Vanquished Creatures (collateral kills)
  Antaeus (Coc:7)
  Mnoleg (Pan)
  3 ancient liches
  4 dread liches
  Dispater (Dis:7)
  2 juggernauts (Dis:7)
  3 royal mummies (Tomb:3)
  2 shard shrikes
  5 caustic shrikes
  3 pandemonium lords (Pan)
  2 golden dragons
  3 profane servitors
  7 bone dragons
  2 Tzitzimimeh
  8 iron giants
  3 Brimstone Fiends
  5 hellephants
  A doom hound (Tar:2)
  2 Ice Fiends
  A tainted leviathan (Tar:7)
  8 Hell Sentinels
  2 Orb Guardians (Zot:5)
  5 titans
  2 sphinxes
  2 eldritch tentacles
  3 ancient champions
  2 searing wretches (Geh:6)
  2 walking frostbound tomes (Pan)
  2 Executioners (Pan)
  A shadow dragon (Vaults:5)
  A storm dragon (Vaults:5)
  A tengu reaver (Vaults:5)
  A protean progenitor (Pan)
  A revenant (Tomb:2)
  Donald (Spider:4)
  A nagaraja (Zig:9)
  A draconian monk (Zig:6)
  6 demonspawn warmongers (Pan)
  3 narguns
  3 quicksilver elementals
  6 fire giants
  4 vault wardens (Vaults:5)
  3 frost giants
  8 balrugs
  An emperor scorpion (Zig:13)
  A draconian shifter (Zig:6)
  3 iron dragons
  A shard shrike simulacrum (Coc:3)
  A spectral caustic shrike (Tar:2)
  4 cacodemons
  3 demonspawn blood saints (Pan)
  A broodmother (Zig:13)
  A draconian annihilator (Pan)
  3 ironbound preservers
  3 reapers
  An ophan (Pan)
  A demonspawn corrupter (Pan)
  2 stone giants (Vaults:5)
  A green draconian (Zot:5)
  An elemental wellspring (Coc:2)
  An eleionoma (Zig:19)
  A deep elf death mage (Vaults:5)
  A purple draconian (Zig:6)
  2 bennus
  7 war gargoyles
  10 lorocyprocas (Pan)
  3 demonspawn black suns (Pan)
  An eleionoma (shapeshifter) (Zig:21)
  3 green deaths
  5 mummy priests
  A black draconian (Zig:6)
  An eidolon (Tar:5)
  2 ettins (Vaults:5)
  10 iron golems
  7 blizzard demons (Pan)
  A yaktaur captain (Vaults:5)
  A spectral spriggan (Tar:5)
  3 vault guards (Vaults:5)
  A caustic shrike simulacrum (Coc:6)
  A hell beast (Pan)
  A boulder beetle (Dis:3)
  2 salamander tyrants
  A stoker (Geh:5)
  An ogre mage (Vaults:5)
  A catoblepas (Zig:11)
  3 juggernaut simulacra
  3 death scarabs
  7 hell hogs
  A naga warrior (Zig:9)
  6 soul eaters (Pan)
  A deep elf knight (Vaults:5)
  5 crystal echidnas
  13 sun demons
  2 skysharks (Zig:18)
  A titan skeleton (Tomb:3)
  A sixfirhy (Pan)
  4 shadow wraiths
  A sun moth (Pan)
  A deep troll (Vaults:2)
  A mana viper (Zig:9)
  A spriggan simulacrum (Coc:4)
  An obsidian statue (Zig:11)
  A glowing orange brain (Pan)
  3 phantasmal warriors
  An orc knight (Vaults:5)
  An obsidian bat (Zig:16)
  A wolf spider (Zig:13)
  A wolf spider (shapeshifter) (Vaults:5)
  3 ironbound convokers (Vaults:5)
  A glowing shapeshifter (Vaults:5)
  An orc sorcerer (Zig:16)
  A shining eye (shapeshifter) (Vaults:5)
  A stone giant zombie (Zig:5)
  A spectral ettin (Tar:4)
  2 large abominations (Pan)
  A spectral centaur (Tar:2)
  2 vault sentinels (Vaults:5)
  2 black mambas
  3 smoke demons
  A cane toad (Zig:11)
  5 orange demons (Pan)
  2 torpor snails
  A hellion (Zig:21)
  3 freezing wraiths
  A komodo dragon (Zig:11)
  3 tormentors
  A golden dragon simulacrum (Coc:7)
  A bunyip simulacrum (Coc:1)
  9 guardian mummies
  A harpy zombie (Abyss:2)
  A bloated husk (Zig:19)
  A wind drake (Zig:17)
  A polar bear (Zig:18)
  2 red devils (Pan)
  A troll (Zig:16)
  3 hellwings (Pan)
  A raiju (Abyss:3)
  A blink frog (Zig:18)
  A dire elephant simulacrum (Coc:6)
  4 ushabtiu (Tomb:2)
  A wyvern (Zig:18)
  6 ynoxinuls
  An ettin skeleton (Tomb:3)
  A basilisk (Zig:11)
  2 neqoxecs (Pan)
  4 harpy simulacra
  3 chaos spawn
  A naga zombie (Tomb:3)
  4 water moccasins
  4 orc warriors
  An ogre (Vaults:5)
  A jelly (Dis:7)
  An orc wizard (Zig:16)
  8 mummies
  2 orcs
  2 aspiring fleshes (Pan)
  3 ball lightnings (Pan)
  A creeping inferno (Geh:7)
  8 fire vortices
400 creatures vanquished.

Vanquished Creatures (others)
  2 dread liches (Vaults:5)
  2 orbs of fire (Zot:5)
  2 ancient liches
  A Killer Klown (Zig:21)
  4 pandemonium lords (Zig:21)
  An iron giant (shapeshifter) (Zig:21)
  A tentacled monstrosity (Vaults:5)
  5 Orb Guardians (Zot:5)
  2 liches
  A Hell Sentinel (Dis:6)
  An acid blob (Tomb:1)
  A tentacled starspawn (Abyss:2)
  A sphinx (shapeshifter) (Zig:21)
  142 eldritch tentacles
  A tengu reaver (Depths:3)
  An azure jelly (Dis:5)
  A draconian monk (Zot:5)
  A protean progenitor (Zig:21)
  A fenstrider witch (Zig:19)
  2 draconian knights
  A ghost moth (Zot:5)
  A shard shrike simulacrum (Coc:4)
  An ophan (Abyss:3)
  3 demonspawn blood saints (Pan)
  2 quicksilver oozes (Pan)
  A broodmother (Zig:21)
  A demonspawn corrupter (Pan)
  A very ugly thing (Abyss:4)
  A black draconian (Zot:5)
  2 deep elf death magi (Vaults:5)
  A starcursed mass (Abyss:2)
  2 green deaths (Pan)
  A yaktaur captain (Vaults:5)
  6 vault guards (Vaults:5)
  A salamander tyrant (Geh:1)
  16 great orbs of eyes
  A rakshasa (Abyss:3)
  A boulder beetle (Dis:3)
  A sun demon (Pan)
  3 occultists
  A shock serpent (shapeshifter) (Zig:21)
  A soul eater (Pan)
  A wretched star (Abyss:2)
  A quicksilver dragon simulacrum (Coc:7)
  A shadow wraith (Tar:3)
  A goliath frog (Zig:19)
  A sixfirhy (Abyss:2)
  A swamp dragon (shapeshifter) (Zig:21)
  3 spriggan simulacra
  18 glowing orange brains
  2 shadow demons (Pan)
  A bog body (Crypt:3)
  A deep elf pyromancer (Elf:2)
  A deep elf zephyrmancer (Elf:2)
  3 shining eyes
  3 worldbinders (Abyss:2)
  A moth of wrath (Zot:5)
  A vault sentinel (Vaults:5)
  An apocalypse crab (Zig:21)
  An elephant (shapeshifter) (Zig:21)
  6 smoke demons
  An eye of devastation (shapeshifter) (Zig:21)
  An orange demon (Abyss:3)
  2 eyes of devastation
  An unseen horror (Abyss:2)
  A large abomination (Abyss:2)
  A yaktaur (Vaults:5)
  2 ancient zymes (Abyss:2)
  A hellwing (Pan)
  A bloated husk (Zig:19)
  5 raiju (Abyss:2)
  A wind drake (Abyss:2)
  3 blink frogs
  3 glass eyes (Pan)
  4 slime creatures (Abyss:3)
  10 ynoxinuls
  A human (D:13)
  A wraith (Abyss:4)
  2 neqoxecs (Pan)
  44 golden eyes
  A spatial vortex (Abyss:2)
  5 chaos spawn
  A harpy simulacrum (Coc:1)
  2 orc warriors
  2 ettin simulacra
  A boggart (Vaults:2)
  An ogre (Orc:2)
  4 small abominations
  A naga simulacrum (Coc:2)
  558 jellies
  2 quasits (Abyss:2)
  An orc priest (Orc:2)
  2 orc wizards
  A mummy (Tomb:2)
  2 white imps (Abyss:2)
  4 ufetubi (Abyss:2)
  4 orcs (Orc:2)
  2 endoplasms (Abyss:3)
  14 ball lightnings
  A creeping inferno (Geh:7)
  7 fire vortices
  12 foxfires
  4 lurking horrors
  19 snaplasher vines
  79 starspawn tentacles
  33 tentacles
1118 creatures vanquished.

Grand Total: 10201 creatures vanquished

Notes
Turn   | Place    | Note
-------+----------+-------------------------------------------
     0 | D:1      | Pim the Human Warper began the quest for the Orb.
     0 | D:1      | Reached XP level 1. HP: 16/16 MP: 3/3
   131 | D:1      | Reached XP level 2. HP: 22/22 MP: 5/5
   285 | D:1      | Learned a level 2 spell: Blink
   288 | D:1      | Learned a level 2 spell: Lesser Beckoning
   484 | D:1      | Reached XP level 3. HP: 25/27 MP: 6/6
   990 | D:2      | Found a faded altar of an unknown god.
  1304 | D:2      | Reached XP level 4. HP: 29/34 MP: 7/7
  1619 | D:2      | Found Voucy's One-of-a-Kind Rings.
  1800 | D:2      | Learned a level 1 spell: Apportation
  1977 | D:2      | Found Eqyrr's Antique Weapon Shop.
  2268 | D:3      | Reached XP level 5. HP: 40/40 MP: 9/9
  2348 | D:3      | Found a glowing drain.
  2354 | Sewer    | Entered a sewer
  2390 | Sewer    | Noticed a kobold brigand
  2407 | Sewer    | Killed a kobold brigand
  2687 | Sewer    | Reached XP level 6. HP: 10/47 MP: 8/10
  3416 | Sewer    | Reached skill level 5 in Translocations
  3929 | D:3      | Found a basalt altar of Yredelemnul.
  3936 | D:3      | Learned a level 3 spell: Maxwell's Portable Piledriver
  3940 | D:3      | Learned a level 3 spell: Teleport Other
  4052 | D:3      | Found a shadowy altar of Dithmenos.
  4575 | D:4      | Found a staircase to the Ecumenical Temple.
  4587 | D:4      | Reached XP level 7. HP: 53/53 MP: 11/11
  4590 | Temple   | Entered the Ecumenical Temple
  4618 | Temple   | Became a worshipper of Gozag Ym Sagoz the Greedy
  4734 | D:4      | Reached skill level 1 in Shields
  4803 | D:4      | Found a sand-covered staircase.
  4826 | Ossuary  | Entered an ossuary
  5959 | D:5      | Entered Level 5 of the Dungeon
  5968 | D:5      | Noticed Ijyb
  6030 | D:5      | Reached skill level 5 in Long Blades
  6223 | D:5      | Reached XP level 8. HP: 38/61 MP: 9/12
  6450 | D:5      | Killed Ijyb
  6796 | D:5      | Noticed a yak
  6796 | D:5      | Noticed a yak
  6797 | D:5      | Noticed a yak
  6829 | D:6      | Noticed Menkaure
  6832 | D:6      | Killed Menkaure
  6832 | D:6      | Found a glowing golden altar of the Shining One.
  6866 | D:6      | Noticed Pikel
  6924 | D:6      | Killed Pikel
  6925 | D:6      | Reached skill level 5 in Fighting
  6925 | D:6      | Reached XP level 9. HP: 47/68 MP: 4/13
  6935 | D:6      | Reached skill level 1 in Air Magic
  7447 | D:6      | Noticed Jeremiah
  7533 | D:6      | Killed Jeremiah
  7904 | D:7      | Found a flagged portal.
  7957 | Bailey   | Entered a bailey
  8549 | Bailey   | Reached XP level 10. HP: 31/77 MP: 16/16
  9788 | Bailey   | Learned a level 4 spell: Vhi's Electric Charge
  9908 | D:7      | Reached skill level 5 in Dodging
 10295 | D:7      | Found a stormy altar of Qazlal.
 10480 | D:8      | Noticed a kobold demonologist
 10495 | D:8      | Noticed an orange demon
 10501 | D:8      | Killed a kobold demonologist
 10802 | D:7      | Reached skill level 5 in Air Magic
 11014 | D:2      | Bought a +8 ring of slaying for 1485 gold pieces
 11185 | D:8      | Found a staircase to the Lair.
 11376 | D:8      | Found an ornate altar of the Wu Jian Council.
 11931 | D:8      | Reached skill level 5 in Spellcasting
 12234 | D:9      | Reached skill level 5 in Shields
 12240 | D:9      | Reached XP level 11. HP: 50/86 MP: 3/18
 12347 | D:9      | Noticed Maggie
 12365 | D:9      | Killed Maggie
 12416 | D:9      | Found a glowing silver altar of Zin.
 13224 | D:10     | Entered Level 10 of the Dungeon
 13611 | D:10     | Reached skill level 10 in Long Blades
 13988 | D:10     | Found a staircase to the Orcish Mines.
 14305 | D:11     | Noticed a cyclops
 14328 | D:11     | Killed a cyclops
 14539 | D:11     | Noticed a boulder beetle
 14576 | D:11     | Killed a boulder beetle
 14939 | D:11     | Noticed Lodul
 15018 | Orc:1    | Entered Level 1 of the Orcish Mines
 15018 | Orc:1    | Noticed an orc sorcerer
 15225 | D:11     | Killed Lodul
 15349 | D:11     | Noticed a two-headed ogre
 15368 | D:11     | Killed a two-headed ogre
 15369 | D:11     | Reached XP level 12. HP: 80/97 MP: 19/21
 15439 | D:11     | Noticed a two-headed ogre
 15445 | D:11     | Noticed a two-headed ogre
 15471 | D:11     | Killed a two-headed ogre
 15472 | D:11     | Reached skill level 10 in Fighting
 15480 | D:11     | Killed a two-headed ogre
 15773 | D:11     | Identified the +1 scale mail of Cheibriados's Regard {rPois
                  | rC+ rCorr}
 15999 | D:2      | Bought the ring of Elyvilon's Pride {rElec rF++ Int+6 RMsl}
                  | for 978 gold pieces
 16193 | Lair:1   | Entered Level 1 of the Lair of Beasts
 16412 | Lair:1   | Noticed Amaemon
 16451 | Lair:1   | Noticed Joseph
 16473 | Lair:1   | Killed Joseph
 16781 | Lair:1   | Killed Amaemon
 17202 | Lair:1   | Reached skill level 5 in Armour
 18381 | D:8      | Acquired a +3 triple sword of electrocution
 18645 | Lair:2   | Noticed a boulder beetle
 18656 | Lair:2   | Killed a boulder beetle
 18671 | Lair:2   | Reached XP level 13. HP: 105/105 MP: 22/22
 18897 | Lair:2   | Found a dark tunnel.
 18898 | Lair:2   | You fall into a shaft and drop 2 floors!
 19123 | Lair:3   | Found a frozen archway.
 19183 | Volcano  | Entered a volcano
 19802 | IceCv    | Entered an ice cave
 20220 | IceCv    | Found an ancient bone altar of Kikubaaqudgha.
 20553 | IceCv    | Got the Secrets of Rime and Debased Words
 20701 | Lair:3   | Reached XP level 14. HP: 114/114 MP: 12/23
 20784 | Lair:3   | Found the +5 demon whip "Spellbinder" {antimagic, disrupt,
                  | Will+}
 20872 | Lair:3   | Found a hole to the Spider Nest.
 21224 | Lair:3   | Found a staircase to the Shoals.
 21650 | Lair:2   | Found the +8 autumn katana {manifold assault}
 23018 | Lair:4   | Identified the +8 flail of Qazlal {speed, rElec rPois}
 23591 | Lair:5   | Entered Level 5 of the Lair of Beasts
 23717 | Lair:5   | Reached skill level 10 in Dodging
 24243 | Lair:5   | Reached XP level 15. HP: 58/123 MP: 24/24
 24501 | Lair:5   | Reached skill level 10 in Armour
 24784 | Lair:5   | Found a viscous altar of Jiyva.
 24784 | Lair:5   | Found a staircase to the Slime Pits.
 24960 | Lair:5   | Identified the +0 chain mail of New Discoveries {Rampage
                  | rPois Str+3}
 25249 | Lair:5   | Found an opulent altar of Gozag.
 25829 | Orc:1    | Noticed an orc warlord
 26315 | D:10     | Killed an orc warlord
 26620 | Orc:1    | Noticed an orc warlord
 26697 | Orc:1    | Killed an orc warlord
 26701 | Orc:1    | Found a roughly hewn altar of Beogh.
 26925 | Orc:1    | Found a roughly hewn altar of Beogh.
 27077 | Orc:2    | Entered Level 2 of the Orcish Mines
 27077 | Orc:2    | Noticed Urug
 27132 | Orc:2    | Noticed Azrael
 27292 | Orc:2    | Found a staircase to the Elven Halls.
 27456 | Orc:1    | Killed Azrael
 27560 | Orc:2    | Killed Urug
 27935 | Orc:2    | Noticed an orc warlord
 28195 | Orc:1    | Killed an orc warlord
 28352 | Orc:2    | Found Fatuqal's General Store.
 28353 | Orc:2    | Found Fayvus's Book Shop.
 28355 | Orc:2    | Found Cyaps's Antique Armour Boutique.
 28355 | Orc:2    | Found Hihayphi's Antique Weapon Boutique.
 28372 | Orc:2    | Bought a scroll of acquirement for 676 gold pieces
 28372 | Orc:2    | Bought a scroll of identify for 26 gold pieces
 28669 | Orc:2    | Bought a pair of embroidered gloves for 240 gold pieces
 28688 | Orc:2    | Bought a scroll of identify for 34 gold pieces
 28688 | Orc:2    | Bought a scroll of revelation for 127 gold pieces
 28688 | Orc:2    | Bought a scroll of blinking for 127 gold pieces
 28688 | Orc:2    | Bought a scroll of fog for 68 gold pieces
 28688 | Orc:2    | Bought a scroll of teleportation for 51 gold pieces
 28688 | Orc:2    | Bought a scroll of poison for 68 gold pieces
 28688 | Orc:2    | Bought a scroll of identify for 34 gold pieces
 28688 | Orc:2    | Bought a scroll of identify for 34 gold pieces
 28688 | Orc:2    | Bought 2 scrolls of teleportation for 102 gold pieces
 28693 | Orc:2    | Acquired 279 gold pieces
 28763 | D:12     | Noticed Sonja
 28791 | D:11     | Reached XP level 16. HP: 84/133 MP: 27/27
 29018 | D:11     | Killed Sonja
 29227 | D:12     | Noticed Nessos
 29234 | D:12     | Killed Nessos
 29268 | D:12     | Found Voril's Antique Weapon Shop.
 29273 | D:12     | Found Piur's Jewellery Shop.
 29276 | D:12     | Found Nugh's Weapon Shop.
 29588 | D:12     | Noticed Erolcha
 29678 | D:12     | Reached skill level 10 in Translocations
 29828 | D:13     | Reached skill level 5 in Throwing
 30598 | D:13     | Identified the +4 broad axe of Defiance {vamp, *Rage Str+6
                  | Dex+3 SInv}
 30605 | D:13     | Identified the +7 plate armour of Springtime {Int+2}
 30607 | D:13     | Found a gate to the Vaults.
 31254 | D:14     | Found a runed translucent door.
 31550 | D:14     | Reached skill level 1 in Ice Magic
 31642 | D:14     | Found a blossoming altar of Fedhas.
 32334 | D:15     | Entered Level 15 of the Dungeon
 32367 | D:15     | Found a staircase to the Depths.
 32491 | D:15     | Reached skill level 1 in Evocations
 33095 | D:15     | Reached skill level 15 in Fighting
 33711 | Spider:1 | Entered Level 1 of the Spider Nest
 33718 | Spider:1 | Reached XP level 17. HP: 140/142 MP: 25/29
 33982 | Spider:1 | Identified the +8 falchion "Tormentor" {freeze, ^Fragile
                  | +Blink Int+5}
 34376 | Spider:1 | Reached skill level 5 in Ice Magic
 35118 | Spider:2 | Learned a level 3 spell: Ozocubu's Armour
 35646 | Spider:2 | Noticed Arachne
 35666 | Spider:2 | Killed Arachne
 37111 | Spider:3 | Reached skill level 5 in Evocations
 37821 | Spider:4 | Entered Level 4 of the Spider Nest
 37960 | Spider:3 | Reached skill level 10 in Shields
 38248 | Spider:3 | Reached XP level 18. HP: 116/149 MP: 21/30
 39169 | Spider:4 | Reached skill level 15 in Long Blades
 40081 | Spider:4 | Bought a scroll of teleportation for 57 gold pieces
 40081 | Spider:4 | Bought a scroll of identify for 38 gold pieces
 40081 | Spider:4 | Bought a scroll of identify for 38 gold pieces
 40081 | Spider:4 | Bought a scroll of identify for 38 gold pieces
 40081 | Spider:4 | Bought a scroll of blinking for 142 gold pieces
 40081 | Spider:4 | Bought a scroll of teleportation for 57 gold pieces
 40085 | Spider:4 | Bought a heavily runed chain mail for 361 gold pieces
 40085 | Spider:4 | Identified the +2 chain mail "Pappius" {rC+} (You bought it
                  | in a shop on level 4 of the Spider Nest)
 40085 | Spider:4 | Bought a pair of encrusted boots for 361 gold pieces
 40085 | Spider:4 | Identified the -1 pair of boots of Gozag's Envy {rF+ Str+2}
                  | (You bought it in a shop on level 4 of the Spider Nest)
 40091 | Spider:4 | Bought a glimmering scale mail for 234 gold pieces
 40091 | Spider:4 | Identified the +1 scale mail "Byuppoaff" {Rampage rElec
                  | SInv} (You bought it in a shop on level 4 of the Spider
                  | Nest)
 40091 | Spider:4 | Bought a shiny helmet for 195 gold pieces
 40145 | Spider:4 | Noticed Donald
 40154 | Spider:4 | Killed Donald
 40479 | Spider:4 | Got a gossamer rune of Zot
 40773 | D:12     | Killed Erolcha
 41117 | Shoals:1 | Entered Level 1 of the Shoals
 42094 | Shoals:1 | Noticed Roxanne
 42315 | Shoals:2 | Noticed Ilsuiw
 42685 | Shoals:2 | Noticed Nikola
 42713 | Shoals:2 | Killed Nikola
 42995 | Shoals:1 | Killed Ilsuiw
 43231 | Shoals:2 | Noticed Louise
 43254 | Shoals:2 | Killed Louise
 44000 | Shoals:3 | Reached XP level 19. HP: 157/157 MP: 29/32
 44238 | Shoals:3 | Paralysed by a formless jellyfish for 1 turns
 44242 | Shoals:3 | Paralysed by a formless jellyfish for 1 turns
 44656 | Shoals:3 | Found Dituejet's Distillery.
 44735 | Shoals:3 | Bought a potion of might for 56 gold pieces
 44735 | Shoals:3 | Bought 2 potions of haste for 280 gold pieces
 44912 | Shoals:4 | Entered Level 4 of the Shoals
 44963 | Shoals:3 | Reached skill level 10 in Spellcasting
 45499 | Shoals:4 | Got a barnacled rune of Zot
 45590 | Shoals:4 | Identified the +5 ring mail "Efoos" {Rampage rC+ Int-2
                  | Slay+5}
 45887 | Shoals:4 | Identified the amulet "Nanieh" {rF+ RegenMP+ Str+2 Dex+4}
 45896 | Shoals:4 | Paralysed by a formless jellyfish for 1 turns
 45977 | Shoals:4 | Found Wezaymam's Gadget Gallery.
 46352 | Vaults:1 | Entered Level 1 of the Vaults
 46528 | Vaults:1 | Found a crumbling gateway.
 46530 | Vaults:1 | Found a glowing silver altar of Zin.
 46530 | Vaults:1 | Found a glowing golden altar of the Shining One.
 46530 | Vaults:1 | Found a white marble altar of Elyvilon.
 46564 | Desolati | Entered the Desolation of Salt
 47060 | Desolati | Got the Book of Position
 47063 | Desolati | Identified the ring "Watupul" {rPois rCorr Str-4 Int+8
                  | Dex-3}
 47093 | Desolati | Identified the ring "Tenilev" {rN+ Will+ Str-2 Dex+3}
 47167 | Desolati | Got the Compendium of Transposition and Frostbite
 47175 | Desolati | Learned a level 6 spell: Dispersal
 47175 | Desolati | Identified the ring of Tebie {^Contam Fly Will+ Int+2
                  | Stlth+}
 47348 | Desolati | Found the +8 trident of the Octopus King {venom, rElec
                  | rPois}
 47352 | Desolati | Identified the +2 rapier of Non Obstante Veredicto {flame,
                  | rCorr Int+4}
 47516 | Desolati | Identified the +1 plate armour "Wioluass" {rF+ Str+3}
 47680 | Desolati | Reached XP level 20. HP: 167/167 MP: 34/34
 47695 | Desolati | Got Kefaris's Grimoire of Ill Luck
 47699 | Desolati | Got the Vademecum on the Plateau
 47703 | Desolati | Got the Tractate on Cryomancy and Generation
 49924 | Vaults:2 | Found Axtidd's Armour Shop.
 49972 | Vaults:2 | Found a transporter.
 49974 | Vaults:2 | Found a shimmering blue altar of Sif Muna.
 51112 | Vaults:2 | Reached XP level 21. HP: 169/173 MP: 32/37
 51136 | Vaults:2 | Found a staircase to the Crypt.
 51380 | Vaults:3 | Found a flickering gateway to a bazaar.
 51392 | Bazaar   | Entered a bazaar
 51425 | Bazaar   | Found Reobunekh's Antique Weapon Shoppe.
 51441 | Bazaar   | Found Leodeuf's Book Shoppe.
 51441 | Bazaar   | Found Zauxzoth's Weapon Emporium.
 51452 | Bazaar   | Bought Great Wizards, Vol. VII for 480 gold pieces
 51460 | Bazaar   | Learned a level 4 spell: Passage of Golubria
 51594 | Vaults:3 | Reached skill level 15 in Translocations
 52009 | Vaults:3 | Identified the +0 chain mail of Negation {Int+3 Dex+5}
 53175 | Vaults:3 | Learned a level 7 spell: Manifold Assault
 53558 | Vaults:4 | Found a flickering gateway to a bazaar.
 53574 | Bazaar   | Entered a bazaar
 53580 | Bazaar   | Found Reumyen's Book Boutique.
 53580 | Bazaar   | Found Goinle's Jewellery Shop.
 53592 | Bazaar   | Bought a book of the Warp for 744 gold pieces
 53602 | Bazaar   | Found Meshracuy's Armour Shop.
 53615 | Bazaar   | Found Xeutiw's Jewellery Shop.
 53646 | Bazaar   | Bought a +1 cloak of preservation for 214 gold pieces
 53646 | Bazaar   | Bought a +0 pair of boots of flying for 149 gold pieces
 53787 | Vaults:4 | Reached skill level 15 in Shields
 54641 | Vaults:4 | Learned a level 6 spell: Gell's Gavotte
 55041 | Vaults:4 | Found Imuonal's Antique Weapon Boutique.
 55061 | Vaults:4 | Found Cyegih's General Store.
 55069 | Vaults:4 | Bought a potion of heal wounds for 85 gold pieces
 55069 | Vaults:4 | Bought a scroll of teleportation for 51 gold pieces
 55572 | Vaults:4 | Found Ferhyz's Jewellery Shop.
 55844 | Vaults:4 | Found Dam Piargh's Jewellery Shoppe.
 57672 | Elf:1    | Entered Level 1 of the Elven Halls
 57913 | Orc:2    | Bought the ring of Fait {rN+ Will++ Str-2 Dex+3} for 603
                  | gold pieces
 57992 | Elf:1    | Reached XP level 22. HP: 180/180 MP: 30/38
 59033 | Elf:2    | Found a runed translucent gate.
 59034 | Elf:2    | Found a runed translucent gate.
 59563 | Elf:2    | Found a runed translucent gate.
 60118 | Elf:2    | Identified the blade talisman of Qughyash {Fly rElec Str+6}
 60247 | Elf:2    | Identified the +11 rapier of the Valley of Death {drain,
                  | Dex+4}
 60425 | Elf:3    | Entered Level 3 of the Elven Halls
 60539 | Elf:3    | Found a magical portal.
 60547 | WizLab   | Entered The Hall of the Hellbinder
 61193 | WizLab   | Gained mutation: You are occasionally teleported next to
                  | monsters. [a cacodemon]
 61203 | WizLab   | Noticed a dread lich
 61532 | WizLab   | Found a burning altar of Makhleb.
 61543 | WizLab   | Identified the amulet of Vaostrionk {Faith Will+ Regen+}
 61549 | WizLab   | Identified the amulet "Vafeguacw" {Reflect ^Fragile rN+
                  | Will+++ MP+9 SH+5}
 61553 | WizLab   | Identified the amulet "Niar" {Spirit Str+3}
 61557 | WizLab   | Got Beot's Compendium of the Throng
 61569 | WizLab   | Identified the ring "Zulisuhy" {rPois rF+ Will+ Str+2
                  | Dex-3}
 61569 | WizLab   | Noticed Waleahao
 61590 | WizLab   | Killed Waleahao the Hellbinder
 61616 | WizLab   | Identified the ring "Mossitou" {Will+ rCorr Slay+2}
 62014 | Elf:3    | Reached XP level 23. HP: 101/188 MP: 14/39
 62521 | Elf:3    | Identified the +0 chain mail of Liberalism {Will- Int+4
                  | Dex+5}
 62524 | Elf:3    | Identified the ring of Xuib {rF+ rC+ rN+ Dex+3}
 62545 | Elf:3    | Acquired 984 gold pieces
 62612 | Elf:3    | Identified the +3 robe of Qoytougg {Harm Will+ Stlth+}
 62612 | Elf:3    | Identified the ring "Vorenlust" {Str+3 Slay+4}
 62720 | Elf:3    | Identified the +5 plate armour of the Lobster {Will+++
                  | Int-3 Slay-2 Stlth+}
 62986 | D:15     | Lost mutation: You are occasionally teleported next to
                  | monsters. [potion of mutation]
 62986 | D:15     | Gained mutation: You have large cloven feet. [potion of
                  | mutation]
 62986 | D:15     | Gained mutation: Potions are less effective at restoring
                  | your health. [potion of mutation]
 62987 | D:15     | Lost mutation: You have large cloven feet. [potion of
                  | mutation]
 62987 | D:15     | Lost mutation: Potions are less effective at restoring your
                  | health. [potion of mutation]
 62987 | D:15     | Gained mutation: Your spells are a little harder to cast,
                  | but a little more powerful. [potion of mutation]
 62987 | D:15     | Gained mutation: You do not regenerate when monsters are
                  | visible. [potion of mutation]
 63161 | Vaults:1 | Lost mutation: You do not regenerate when monsters are
                  | visible. [potion of mutation]
 63161 | Vaults:1 | Lost mutation: Your spells are a little harder to cast, but
                  | a little more powerful. [potion of mutation]
 63161 | Vaults:1 | Gained mutation: You occasionally lose the ability to drink
                  | potions when taking damage. [potion of mutation]
 63161 | Vaults:1 | Gained mutation: Your spells are a little harder to cast,
                  | but a little more powerful. [potion of mutation]
 63441 | Shoals:3 | Lost mutation: Your spells are a little harder to cast, but
                  | a little more powerful. [potion of mutation]
 63441 | Shoals:3 | Lost mutation: You occasionally lose the ability to drink
                  | potions when taking damage. [potion of mutation]
 63441 | Shoals:3 | Gained mutation: You have large cloven feet. [potion of
                  | mutation]
 63964 | Orc:2    | Bought a masterwork ring mail for 459 gold pieces
 63964 | Orc:2    | Identified the +3 ring mail of the Pure Wars {Harm rC+++
                  | Str-3 Stlth-} (You bought it in a shop on level 2 of the
                  | Orcish Mines)
 63968 | Orc:2    | Bought the ring of Mogaza {rC++ EV+5 Str+2 SInv} for 964
                  | gold pieces
 64106 | Depths:1 | Entered Level 1 of the Depths
 64159 | Depths:1 | Noticed a golden dragon
 64243 | Depths:1 | Killed a golden dragon
 64469 | Depths:1 | Noticed a caustic shrike
 64482 | Depths:1 | Killed a caustic shrike
 64688 | Depths:1 | Found a one-way gate leading to the halls of Pandemonium.
 64738 | Depths:1 | Reached skill level 10 in Evocations
 64754 | Depths:1 | Noticed a caustic shrike
 64768 | Depths:1 | Killed a caustic shrike
 65079 | Depths:1 | Found a gateway to Hell.
 65459 | Depths:1 | Found Ogauleac's Tiny Tomes.
 65627 | Depths:1 | Found Ziulefest's Armour Boutique.
 65703 | Depths:1 | Identified the ring "Zodwion" {Int+3 SInv}
 65963 | Depths:2 | Identified the +2 scimitar "Spiderbane" {heavy, Stlth+}
 66151 | Depths:2 | Reached XP level 24. HP: 174/199 MP: 20/39
 66541 | Depths:2 | Identified the +0 triple sword "Tyotohui" {freeze, Str+3}
 66542 | Depths:2 | Identified the ring "Huchum" {Wiz rC+ Str+3 Dex-3}
 66972 | Depths:2 | Identified the +3 hand axe of Focus {flame, rPois rF+ MP+9}
 67216 | Depths:2 | Reached skill level 10 in Throwing
 67388 | Depths:2 | You are sucked into a shaft and drop 2 floors!
 67388 | Depths:4 | Entered Level 4 of the Depths
 67575 | Depths:4 | Found a runed translucent door.
 67575 | Depths:4 | Found a runed translucent door.
 67658 | Depths:4 | Found a runed translucent door.
 67974 | Depths:4 | Found a runed translucent door.
 68329 | Depths:3 | Identified the +7 mace "Effim" {flame, rF++ rC-}
 68329 | Depths:3 | Identified the +8 chain mail of Nesifiej {*Corrode rElec
                  | Str+3 Int+4}
 68848 | Depths:2 | Reached XP level 25. HP: 193/211 MP: 15/39
 68915 | Depths:3 | Found a one-way gate to the infinite horrors of the Abyss.
 69666 | Depths:3 | Found a portal to a secret trove of treasure.
 70323 | Depths:4 | Reached skill level 15 in Armour
 70338 | Depths:4 | Reached skill level 15 in Dodging
 70619 | Depths:4 | Found a runed translucent door.
 70619 | Depths:4 | Found a runed translucent door.
 70789 | Depths:4 | Found a shimmering blue altar of Sif Muna.
 70815 | Depths:4 | Found a one-way gateway to a ziggurat.
 71172 | Depths:4 | Found a gate to the Realm of Zot.
 71638 | Vaults:5 | Entered Level 5 of the Vaults
 71868 | Vaults:5 | Noticed a dread lich
 71886 | Vaults:5 | Got a silver rune of Zot
 71887 | Vaults:5 | Noticed an ancient lich
 71908 | Vaults:5 | Identified the +4 long sword "Rubiec" {heavy, *Rage *Noise
                  | Int+3 Dex+8}
 72188 | Vaults:5 | Noticed a dread lich
 72196 | Vaults:5 | Killed a dread lich
 72250 | Vaults:5 | Noticed an ancient lich
 72257 | Vaults:5 | Killed an ancient lich
 72269 | Vaults:5 | Noticed a dread lich
 72273 | Vaults:5 | Reached XP level 26. HP: 190/222 MP: 34/41
 72285 | Vaults:5 | Killed a dread lich
 72459 | Vaults:5 | Identified the +3 leather armour of Ifaawesk {rElec rC+
                  | rN+}
 72894 | Vaults:5 | Identified the +2 mace "Xolepit" {spect, rF- Int+3 Dex+3}
 73104 | Vaults:5 | Identified the staff of Yredelemnul's Wrath {rPois Dex+6
                  | Alchemy}
 73229 | Vaults:5 | Identified the staff "Tormentor" {rF+ Str+4 Fire}
 73493 | Vaults:5 | Identified the +4 chain mail of a treasure trove {Int+2}
 73761 | Vaults:2 | Identified the +0 pair of boots of Pathos {Str+2 Int+6}
 74046 | Vaults:2 | Found a transporter.
 74112 | Vaults:2 | Upgraded the game from 0.32-a0-933-ga8fa3634e4 to
                  | 0.32-a0-938-g40ac7a0f4d
 74126 | Vaults:2 | Bought a steaming plate armour for 1092 gold pieces
 74126 | Vaults:2 | Identified the +0 plate armour of Lilacs {Fly rF- rC++}
                  | (You bought it in a shop on level 2 of the Vaults)
 74128 | Vaults:2 | Bought a pair of polished gloves for 370 gold pieces
 74128 | Vaults:2 | Identified the +1 pair of gloves "Ecosill" {rElec Str+3}
                  | (You bought it in a shop on level 2 of the Vaults)
 74146 | Vaults:2 | Bought an encrusted robe for 222 gold pieces
 74146 | Vaults:2 | Identified the +1 robe "Put-Me-On" {rElec Str+7 Int+2
                  | Stlth-} (You bought it in a shop on level 2 of the Vaults)
 74501 | Crypt:1  | Entered Level 1 of the Crypt
 74788 | Crypt:1  | Noticed Xtahua
 74808 | Crypt:1  | Killed Xtahua
 74842 | Crypt:1  | Noticed Jory
 74887 | Crypt:1  | Killed Jory
 76529 | Crypt:3  | Entered Level 3 of the Crypt
 76588 | Crypt:3  | Found a staircase to the Tomb.
 77006 | Crypt:3  | Identified the +1 chain mail "Teesief" {Int+3}
 77066 | Crypt:3  | Reached XP level 27. HP: 177/232 MP: 26/41
 77155 | Crypt:3  | Noticed an ancient lich
 77177 | Crypt:3  | Killed an ancient lich
 78065 | Crypt:3  | Got Borgnjor's Octavo of Death
 78845 | Crypt:3  | Found the +13 sword of the Doom Knight {doom -Cast ^Drain
                  | Will+}
 78851 | Crypt:3  | Identified the ring of Huthrano {rN++ MP+9 AC+4 Dex+6}
 78851 | Crypt:3  | Identified the ring "Pucew" {Ice rN++}
 80686 | Slime:1  | Entered Level 1 of the Pits of Slime
 81402 | Slime:5  | Entered Level 5 of the Pits of Slime
 81726 | Spider:4 | Bought an embroidered cloak for 285 gold pieces
 82222 | Hell     | Entered the Vestibule of Hell
 82222 | Hell     | Noticed Geryon
 82239 | Hell     | Killed Geryon
 82242 | Hell     | Reached skill level 15 in Spellcasting
 82425 | Hell     | Found a gateway to the freezing wastes of Cocytus.
 82496 | Hell     | Found a gateway to the Iron City of Dis.
 82768 | Hell     | Found a gateway to the decaying netherworld of Tartarus.
 82953 | Hell     | Found a gateway to the ashen valley of Gehenna.
 83060 | Hell     | Learned a level 8 spell: Disjunction
 84055 | Zot:1    | Entered Level 1 of the Realm of Zot
 84428 | Zot:1    | Noticed Vv
 84437 | Zot:1    | Noticed an orb of fire
 84463 | Zot:1    | Gained mutation: You have hidden genetic defects. [an orb
                  | of fire]
 84493 | Zot:1    | Killed an orb of fire
 84982 | Zot:1    | Killed Vv
 85619 | Zot:1    | Identified the +0 plate armour "Ofush" {rF+}
 85997 | Lair:3   | Lost mutation: You have large cloven feet. [potion of
                  | mutation]
 85997 | Lair:3   | Lost mutation: You have hidden genetic defects. [potion of
                  | mutation]
 85997 | Lair:3   | Gained mutation: You have an increased reservoir of magic.
                  | (+10% MP) [potion of mutation]
 85997 | Lair:3   | Gained mutation: A frigid envelope surrounds you and
                  | freezes all who hurt you. [potion of mutation]
 88892 | Zot:3    | Noticed Grunn
 90010 | Zot:3    | Killed Grunn
 91033 | Zot:4    | Found a transporter.
 91042 | Zot:4    | Found a transporter.
 91046 | Zot:4    | Found a transporter.
 91050 | Zot:4    | Found a transporter.
 92069 | Zot:5    | Entered Level 5 of the Realm of Zot
 93195 | Zot:5    | Noticed an orb of fire
 93210 | Zot:5    | Killed an orb of fire
 93217 | Zot:5    | Noticed an orb of fire
 93217 | Zot:5    | Noticed an orb of fire
 93217 | Zot:5    | Noticed an orb of fire
 93217 | Zot:5    | Noticed an orb of fire
 93217 | Zot:5    | Noticed an orb of fire
 93223 | Zot:5    | Noticed a dread lich
 93224 | Zot:5    | Killed a dread lich
 93342 | Zot:5    | Noticed a dread lich
 93348 | Zot:5    | Killed a dread lich
 93369 | Zot:5    | Gained mutation: You have hidden genetic defects.
                  | [mutagenic glow]
 93370 | Zot:5    | Noticed an orb of fire
 93408 | Zot:5    | Gained mutation: You sometimes lose your temper in combat.
                  | [mutagenic glow]
 93413 | Zot:5    | Killed an orb of fire
 93575 | Depths:4 | Lost mutation: You sometimes lose your temper in combat.
                  | [potion of mutation]
 93575 | Depths:4 | Lost mutation: You have an increased reservoir of magic.
                  | (+10% MP) [potion of mutation]
 93575 | Depths:4 | Lost mutation: A frigid envelope surrounds you and freezes
                  | all who hurt you. [potion of mutation]
 93575 | Depths:4 | Gained mutation: Armour fits poorly on your strangely
                  | shaped body. [potion of mutation]
 93576 | Depths:4 | Lost mutation: You have hidden genetic defects. [potion of
                  | mutation]
 93576 | Depths:4 | Lost mutation: Armour fits poorly on your strangely shaped
                  | body. [potion of mutation]
 93576 | Depths:4 | Gained mutation: You have very sharp teeth. [potion of
                  | mutation]
 93576 | Depths:4 | Gained mutation: Your flesh is heat resistant. (rF+)
                  | [potion of mutation]
 93576 | Depths:4 | Gained mutation: Your system is resistant to poisons.
                  | (rPois) [potion of mutation]
 93713 | Zot:5    | Noticed an orb of fire
 93733 | Zot:5    | Killed an orb of fire
 93844 | Zot:5    | Noticed an orb of fire
 94012 | Zot:5    | Gained mutation: You have hidden genetic defects. [an orb
                  | of fire]
 94019 | Zot:5    | Gained mutation: You are vulnerable to cold. (rC-) [an orb
                  | of fire]
 94024 | Zot:5    | Killed an orb of fire
 94198 | Zot:5    | Killed an ancient lich
 94431 | Zot:5    | Killed an orb of fire
 94575 | Zot:5    | Gained mutation: Your body sometimes deteriorates upon
                  | taking damage. [an orb of fire]
 94575 | Zot:5    | Gained mutation: You occasionally lose the ability to read
                  | scrolls when taking damage. [an orb of fire]
 94577 | Zot:5    | Gained mutation: Your body often deteriorates upon taking
                  | damage. [an orb of fire]
 94586 | Zot:5    | Killed an orb of fire
 94593 | Zot:5    | Gained mutation: Your magical capacity is low. (-10% MP)
                  | [an orb of fire]
 94606 | Zot:5    | Gained mutation: Armour fits poorly on your strangely
                  | shaped body. [an orb of fire]
 94609 | Zot:5    | Killed an orb of fire
 95389 | Shoals:3 | Bought a potion of mutation for 112 gold pieces
 95389 | Shoals:3 | Bought a potion of mutation for 112 gold pieces
 95389 | Shoals:3 | Lost mutation: Your magical capacity is low. (-10% MP)
                  | [potion of mutation]
 95389 | Shoals:3 | Lost mutation: You have hidden genetic defects. [potion of
                  | mutation]
 95389 | Shoals:3 | Gained mutation: A frigid envelope surrounds you and
                  | freezes all who hurt you. [potion of mutation]
 95390 | Shoals:3 | Lost mutation: Your system is resistant to poisons. (rPois)
                  | [potion of mutation]
 95390 | Shoals:3 | Lost mutation: You occasionally lose the ability to read
                  | scrolls when taking damage. [potion of mutation]
 95390 | Shoals:3 | Gained mutation: You passively map a small area around you.
                  | [potion of mutation]
 95390 | Shoals:3 | Gained mutation: You have large cloven feet. [potion of
                  | mutation]
 95570 | Lair:5   | Fell from the grace of Gozag
 95570 | Lair:5   | Became a worshipper of Jiyva Jabrih the Shapeless
 96442 | Depths:3 | Voluntarily entered the Abyss.
 96442 | Abyss:1  | Found a corrupted altar of Lugonu.
 96776 | Abyss:2  | Reached skill level 1 in Invocations
 96785 | Abyss:2  | Found a corrupted altar of Lugonu.
 96791 | Abyss:2  | Found a corrupted altar of Lugonu.
 96791 | Abyss:2  | Found a corrupted altar of Lugonu.
 96798 | Abyss:2  | Reached * piety under Jiyva
 96873 | Abyss:2  | Found a corrupted altar of Lugonu.
 96971 | Abyss:2  | Gained mutation: You sometimes lose your temper in combat.
                  | [a neqoxec]
 97040 | Abyss:2  | Reached ** piety under Jiyva
 97330 | Abyss:2  | Reached *** piety under Jiyva
 97529 | Abyss:2  | Found a corrupted altar of Lugonu.
 97531 | Abyss:2  | Lost mutation: You sometimes lose your temper in combat.
                  | [Jiyva's grace]
 97531 | Abyss:2  | Lost mutation: Your body often deteriorates upon taking
                  | damage. [Jiyva's grace]
 97531 | Abyss:2  | Lost mutation: You are vulnerable to cold. (rC-) [Jiyva's
                  | grace]
 97531 | Abyss:2  | Gained mutation: You are partially covered in iridescent
                  | scales. (AC +2) [Jiyva's grace]
 97531 | Abyss:2  | Gained mutation: You are mostly covered in iridescent
                  | scales. (AC +4) [Jiyva's grace]
 97531 | Abyss:2  | Gained mutation: You are completely covered in iridescent
                  | scales. (AC +6) [Jiyva's grace]
 97531 | Abyss:2  | Gained mutation: You passively map the area around you.
                  | [Jiyva's grace]
 97715 | Abyss:2  | Found a corrupted altar of Lugonu.
 97739 | Abyss:2  | Reached **** piety under Jiyva
 97753 | Abyss:2  | Found a corrupted altar of Lugonu.
 97763 | Abyss:2  | Found a corrupted altar of Lugonu.
 97821 | Abyss:2  | Found a corrupted altar of Lugonu.
 97911 | Abyss:2  | Found a corrupted altar of Lugonu.
 97930 | Abyss:2  | Found a corrupted altar of Lugonu.
 98057 | Abyss:2  | Found a corrupted altar of Lugonu.
 98110 | Abyss:2  | Found a corrupted altar of Lugonu.
 98141 | Abyss:2  | Found a corrupted altar of Lugonu.
 98242 | Abyss:2  | Found a corrupted altar of Lugonu.
 98286 | Abyss:2  | Reached ***** piety under Jiyva
 98461 | Abyss:2  | Reached skill level 5 in Invocations
 98539 | Abyss:2  | Lost mutation: Armour fits poorly on your strangely shaped
                  | body. [Jiyva's grace]
 98539 | Abyss:2  | Lost mutation: Your body sometimes deteriorates upon taking
                  | damage. [Jiyva's grace]
 98539 | Abyss:2  | Lost mutation: Your flesh is heat resistant. (rF+) [Jiyva's
                  | grace]
 98539 | Abyss:2  | Gained mutation: Your body has grown eyes which may confuse
                  | attackers. (Acc +3) [Jiyva's grace]
 98539 | Abyss:2  | Gained mutation: Your body has grown many eyes which may
                  | confuse attackers. (Acc +5) [Jiyva's grace]
 98539 | Abyss:2  | Gained mutation: Your body is covered in eyes which may
                  | confuse attackers. (Acc +7, SInv) [Jiyva's grace]
 98539 | Abyss:2  | Gained mutation: You possess an exceptional clarity of
                  | mind. [Jiyva's grace]
 98905 | Abyss:2  | Found a corrupted altar of Lugonu.
 98950 | Abyss:2  | Noticed an ancient lich
 98954 | Abyss:2  | Slimified an ancient lich
 98954 | Abyss:2  | an ancient lich changed into an azure jelly
 98961 | Abyss:2  | Found a corrupted altar of Lugonu.
 99069 | Abyss:2  | Found a corrupted altar of Lugonu.
 99692 | Abyss:2  | Found a corrupted altar of Lugonu.
 99738 | Abyss:2  | Found a corrupted altar of Lugonu.
 99916 | Abyss:2  | Lost mutation: You are completely covered in iridescent
                  | scales. (AC +6) [Jiyva's grace]
 99916 | Abyss:2  | Lost mutation: You are mostly covered in iridescent scales.
                  | (AC +4) [Jiyva's grace]
 99916 | Abyss:2  | Lost mutation: A frigid envelope surrounds you and freezes
                  | all who hurt you. [Jiyva's grace]
 99916 | Abyss:2  | Gained mutation: You are strong-willed. (Will+) [Jiyva's
                  | grace]
 99916 | Abyss:2  | Gained mutation: You are highly strong-willed. (Will++)
                  | [Jiyva's grace]
 99916 | Abyss:2  | Gained mutation: You are extremely strong-willed. (Will+++)
                  | [Jiyva's grace]
 99916 | Abyss:2  | Gained mutation: Your spells are a little harder to cast,
                  | but a little more powerful. [Jiyva's grace]
 99920 | Abyss:2  | Reached ****** piety under Jiyva
100066 | Abyss:2  | Found an opulent altar of Gozag.
100090 | Abyss:2  | Found a corrupted altar of Lugonu.
100103 | Abyss:2  | Found an opulent altar of Gozag.
100209 | Abyss:2  | Found a corrupted altar of Lugonu.
100459 | Abyss:2  | Noticed a dread lich
100463 | Abyss:2  | Killed a dread lich
100894 | Abyss:2  | Noticed a dread lich
100901 | Abyss:2  | Killed a dread lich
101157 | Abyss:2  | Gained mutation: You have a small jelly attached to you
                  | that may absorb projectiles. [Jiyva's grace]
101157 | Abyss:2  | Gained mutation: Your muscles are strong. (Str +4, Int/Dex
                  | -1) [Jiyva's grace]
101157 | Abyss:2  | Gained mutation: Your muscles are very strong. (Str +8,
                  | Int/Dex -2) [Jiyva's grace]
101157 | Abyss:2  | Gained mutation: Your translucent skin slightly reduces
                  | your foes' accuracy. (Stealth+) [Jiyva's grace]
101503 | Abyss:2  | Gained mutation: Your health recovers twice as slowly from
                  | being drained. [a cacodemon]
101505 | Abyss:2  | Lost mutation: Your spells are a little harder to cast, but
                  | a little more powerful. [a cacodemon]
101687 | Abyss:2  | Noticed an ancient lich
101700 | Abyss:2  | Killed an ancient lich
101817 | Abyss:2  | Lost mutation: You are partially covered in iridescent
                  | scales. (AC +2) [Jiyva's grace]
101817 | Abyss:2  | Lost mutation: You are extremely strong-willed. (Will+++)
                  | [Jiyva's grace]
101817 | Abyss:2  | Lost mutation: Your body is covered in eyes which may
                  | confuse attackers. (Acc +7, SInv) [Jiyva's grace]
101817 | Abyss:2  | Lost mutation: Your translucent skin slightly reduces your
                  | foes' accuracy. (Stealth+) [Jiyva's grace]
101817 | Abyss:2  | Gained mutation: You are partially covered in large bone
                  | plates. (SH +4) [Jiyva's grace]
101817 | Abyss:2  | Gained mutation: You are mostly covered in large bone
                  | plates. (SH +6) [Jiyva's grace]
101817 | Abyss:2  | Gained mutation: You are completely covered in large bone
                  | plates. (SH +8) [Jiyva's grace]
101817 | Abyss:2  | Gained mutation: You are agile. (Dex +4, Str/Int -1)
                  | [Jiyva's grace]
101856 | Abyss:2  | Found a corrupted altar of Lugonu.
101937 | Abyss:2  | Was forgiven by Gozag
102204 | Abyss:2  | Reached skill level 15 in Throwing
102398 | Abyss:2  | Gained mutation: Your body sometimes deteriorates upon
                  | taking damage. [a cacodemon]
102565 | Abyss:2  | Found a corrupted altar of Lugonu.
102716 | Abyss:2  | Found a corrupted altar of Lugonu.
103081 | Abyss:2  | Found a radiant altar of Vehumet.
103083 | Abyss:2  | Found a radiant altar of Vehumet.
103083 | Abyss:2  | Found a radiant altar of Vehumet.
103412 | Abyss:2  | Found a corrupted altar of Lugonu.
103415 | Abyss:2  | Lost mutation: You have very sharp teeth. [a cacodemon]
103417 | Abyss:2  | Lost mutation: Your muscles are very strong. (Str +8,
                  | Int/Dex -2) [a cacodemon]
103432 | Abyss:2  | Lost mutation: You are completely covered in large bone
                  | plates. (SH +8) [Jiyva's grace]
103432 | Abyss:2  | Lost mutation: You are agile. (Dex +4, Str/Int -1) [Jiyva's
                  | grace]
103432 | Abyss:2  | Lost mutation: Your body sometimes deteriorates upon taking
                  | damage. [Jiyva's grace]
103432 | Abyss:2  | Lost mutation: You passively map the area around you.
                  | [Jiyva's grace]
103432 | Abyss:2  | Lost mutation: You have a small jelly attached to you that
                  | may absorb projectiles. [Jiyva's grace]
103432 | Abyss:2  | Lost mutation: Your health recovers twice as slowly from
                  | being drained. [Jiyva's grace]
103432 | Abyss:2  | Gained mutation: Your rubbery body absorbs attacks. (AC +1,
                  | EV +1) [Jiyva's grace]
103432 | Abyss:2  | Gained mutation: Your pliable body absorbs attacks. (AC +2,
                  | EV +2) [Jiyva's grace]
103432 | Abyss:2  | Gained mutation: Your gelatinous body deflects attacks. (AC
                  | +3, EV +3) [Jiyva's grace]
103432 | Abyss:2  | Gained mutation: You are resistant to electric shocks.
                  | (rElec) [Jiyva's grace]
103488 | Abyss:2  | Found a corrupted altar of Lugonu.
103496 | Abyss:2  | Noticed a dread lich
103507 | Abyss:2  | Killed a dread lich
103525 | Abyss:2  | Found a corrupted altar of Lugonu.
104373 | Abyss:2  | Found a corrupted altar of Lugonu.
104545 | Abyss:2  | Lost mutation: You passively map a small area around you.
                  | [Jiyva's grace]
104545 | Abyss:2  | Lost mutation: You are resistant to electric shocks.
                  | (rElec) [Jiyva's grace]
104545 | Abyss:2  | Lost mutation: Your gelatinous body deflects attacks. (AC
                  | +3, EV +3) [Jiyva's grace]
104545 | Abyss:2  | Gained mutation: You are agile. (Dex +4, Str/Int -1)
                  | [Jiyva's grace]
104545 | Abyss:2  | Gained mutation: You are very agile. (Dex +8, Str/Int -2)
                  | [Jiyva's grace]
104545 | Abyss:2  | Gained mutation: Your flesh is cold resistant. (rC+)
                  | [Jiyva's grace]
104545 | Abyss:2  | Gained mutation: Your flesh is very cold resistant. (rC++)
                  | [Jiyva's grace]
104699 | Abyss:2  | Found a corrupted altar of Lugonu.
104961 | Abyss:2  | Found a corrupted altar of Lugonu.
104964 | Abyss:2  | Found a bloodstained altar of Trog.
105172 | Abyss:2  | Found a corrupted altar of Lugonu.
105214 | Abyss:2  | Found a corrupted altar of Lugonu.
105284 | Abyss:3  | Reached skill level 10 in Invocations
105368 | Abyss:3  | Lost mutation: You have large cloven feet. [Jiyva's grace]
105368 | Abyss:3  | Lost mutation: Your flesh is very cold resistant. (rC++)
                  | [Jiyva's grace]
105368 | Abyss:3  | Lost mutation: Your flesh is cold resistant. (rC+) [Jiyva's
                  | grace]
105368 | Abyss:3  | Lost mutation: You are highly strong-willed. (Will++)
                  | [Jiyva's grace]
105368 | Abyss:3  | Lost mutation: You are strong-willed. (Will+) [Jiyva's
                  | grace]
105368 | Abyss:3  | Lost mutation: Your body has grown many eyes which may
                  | confuse attackers. (Acc +5) [Jiyva's grace]
105368 | Abyss:3  | Lost mutation: Your pliable body absorbs attacks. (AC +2,
                  | EV +2) [Jiyva's grace]
105368 | Abyss:3  | Gained mutation: You have a small jelly attached to you
                  | that may absorb projectiles. [Jiyva's grace]
105368 | Abyss:3  | Gained mutation: You have acidic saliva. [Jiyva's grace]
105368 | Abyss:3  | Gained mutation: You are covered in slimy tendrils that may
                  | disarm your opponents. [Jiyva's grace]
105368 | Abyss:3  | Gained mutation: Armour fits poorly on your pseudopods.
                  | [Jiyva's grace]
105723 | Abyss:3  | Found a corrupted altar of Lugonu.
105938 | Abyss:3  | Lost mutation: You are mostly covered in large bone plates.
                  | (SH +6) [Jiyva's grace]
105938 | Abyss:3  | Lost mutation: You possess an exceptional clarity of mind.
                  | [Jiyva's grace]
105938 | Abyss:3  | Lost mutation: Your rubbery body absorbs attacks. (AC +1,
                  | EV +1) [Jiyva's grace]
105938 | Abyss:3  | Lost mutation: Armour fits poorly on your pseudopods.
                  | [Jiyva's grace]
105938 | Abyss:3  | Gained mutation: You have large cloven feet. [Jiyva's
                  | grace]
105938 | Abyss:3  | Gained mutation: You have hoof-like feet. [Jiyva's grace]
105938 | Abyss:3  | Gained mutation: You have hooves in place of feet. [Jiyva's
                  | grace]
105938 | Abyss:3  | Gained mutation: You are strong-willed. (Will+) [Jiyva's
                  | grace]
105975 | Abyss:3  | Found a corrupted altar of Lugonu.
105994 | Abyss:3  | Found a corrupted altar of Lugonu.
106058 | Abyss:3  | Found a corrupted altar of Lugonu.
106070 | Abyss:3  | Paralysed by accursed screaming for 1 turns
106087 | Abyss:3  | Found a corrupted altar of Lugonu.
106152 | Abyss:3  | Reached skill level 1 in Summonings
106176 | Abyss:3  | Found a corrupted altar of Lugonu.
106176 | Abyss:3  | Found a corrupted altar of Lugonu.
106426 | Abyss:3  | Identified the orb "Bydutiq" {guile, Harm Alchemy}
106636 | Abyss:4  | Found a corrupted altar of Lugonu.
106642 | Abyss:4  | Found a corrupted altar of Lugonu.
107054 | Abyss:4  | Lost mutation: You have hooves in place of feet. [Jiyva's
                  | grace]
107054 | Abyss:4  | Lost mutation: You are strong-willed. (Will+) [Jiyva's
                  | grace]
107054 | Abyss:4  | Lost mutation: Your body has grown eyes which may confuse
                  | attackers. (Acc +3) [Jiyva's grace]
107054 | Abyss:4  | Lost mutation: You are covered in slimy tendrils that may
                  | disarm your opponents. [Jiyva's grace]
107054 | Abyss:4  | Lost mutation: You have a small jelly attached to you that
                  | may absorb projectiles. [Jiyva's grace]
107054 | Abyss:4  | Gained mutation: Your natural rate of healing is unusually
                  | fast. [Jiyva's grace]
107054 | Abyss:4  | Gained mutation: You heal very quickly. [Jiyva's grace]
107054 | Abyss:4  | Gained mutation: You regenerate. [Jiyva's grace]
107054 | Abyss:4  | Gained mutation: Your spells are a little harder to cast,
                  | but a little more powerful. [Jiyva's grace]
107086 | Abyss:4  | Reached skill level 5 in Summonings
107492 | Abyss:4  | Found a corrupted altar of Lugonu.
107509 | Abyss:4  | Found a corrupted altar of Lugonu.
107585 | Abyss:4  | Got an abyssal rune of Zot
107647 | Abyss:4  | Reached skill level 10 in Summonings
107765 | Abyss:4  | Learned a level 7 spell: Malign Gateway
108071 | Depths:3 | Escaped the Abyss
108147 | Pan      | Entered Pandemonium
108150 | Pan      | Found a glowing golden altar of the Shining One.
108150 | Pan      | Noticed a seraph
108154 | Pan      | Killed a seraph
108168 | Pan      | Got a demonic rune of Zot
108171 | Pan      | Identified the +0 plate armour "Jafrub" {^Drain rPois
                  | Int+4}
108180 | Pan      | Identified the staff of Uvvi {+Blink rF+ Str-3 Dex+3 Conj
                  | Fire}
108905 | Pan      | Found a glowing silver altar of Zin.
109038 | Pan      | Lost mutation: You have hoof-like feet. [Jiyva's grace]
109038 | Pan      | Lost mutation: You are very agile. (Dex +8, Str/Int -2)
                  | [Jiyva's grace]
109038 | Pan      | Lost mutation: You regenerate. [Jiyva's grace]
109038 | Pan      | Gained mutation: Your body has grown eyes which may confuse
                  | attackers. (Acc +3) [Jiyva's grace]
109038 | Pan      | Gained mutation: Your body has grown many eyes which may
                  | confuse attackers. (Acc +5) [Jiyva's grace]
109038 | Pan      | Gained mutation: Your body is covered in eyes which may
                  | confuse attackers. (Acc +7, SInv) [Jiyva's grace]
109038 | Pan      | Gained mutation: Your flesh is cold resistant. (rC+)
                  | [Jiyva's grace]
109941 | Pan      | Found a white marble altar of Elyvilon.
110169 | Depths:1 | Escaped Pandemonium
110253 | Pan      | Entered Pandemonium
110398 | Pan      | Entered the realm of Lom Lobon.
110398 | Pan      | Noticed Lom Lobon
110431 | Pan      | Killed Lom Lobon
110541 | Pan      | Got a magical rune of Zot
110946 | Pan      | Found a transporter.
110988 | Pan      | Found a transporter.
111065 | Pan      | Lost mutation: Your muscles are strong. (Str +4, Int/Dex
                  | -1) [mutagenic glow]
111089 | Pan      | Gained mutation: Your magical capacity is low. (-10% MP)
                  | [mutagenic glow]
111094 | Pan      | Identified the ring of Quop {AC+4 Dex+4}
111095 | Pan      | Identified the amulet "Nilaj" {^Drain +Inv Regen+ RegenMP+
                  | SInv}
111109 | Pan      | Learned a level 5 spell: Summon Forest
111393 | Pan      | Noticed Roasmi the pandemonium lord
111399 | Pan      | Killed Roasmi the pandemonium lord
111568 | Pan      | Lost mutation: You have large cloven feet. [Jiyva's grace]
111568 | Pan      | Lost mutation: You are agile. (Dex +4, Str/Int -1) [Jiyva's
                  | grace]
111568 | Pan      | Lost mutation: Your body is covered in eyes which may
                  | confuse attackers. (Acc +7, SInv) [Jiyva's grace]
111568 | Pan      | Gained mutation: Your mind is acute. (Int +4, Str/Dex -1)
                  | [Jiyva's grace]
111568 | Pan      | Gained mutation: Your mind is very acute. (Int +8, Str/Dex
                  | -2) [Jiyva's grace]
111568 | Pan      | Gained mutation: Your muscles are strong. (Str +4, Int/Dex
                  | -1) [Jiyva's grace]
111568 | Pan      | Gained mutation: Your muscles are very strong. (Str +8,
                  | Int/Dex -2) [Jiyva's grace]
111793 | Pan      | Identified the +1 chain mail of Fedhas's Delight {^Drain
                  | Will+ Dex+4 Slay+3}
112056 | Pan      | Noticed Cygot the pandemonium lord
112063 | Pan      | Killed Cygot the pandemonium lord
112113 | Pan      | Gained mutation: You occasionally lose the ability to read
                  | scrolls when taking damage. [a cacodemon]
112386 | Pan      | Found an exit through the horrors of the Abyss.
112460 | Pan      | Lost mutation: Your mind is very acute. (Int +8, Str/Dex
                  | -2) [Jiyva's grace]
112460 | Pan      | Lost mutation: Your magical capacity is low. (-10% MP)
                  | [Jiyva's grace]
112460 | Pan      | Lost mutation: Your muscles are very strong. (Str +8,
                  | Int/Dex -2) [Jiyva's grace]
112460 | Pan      | Lost mutation: Your muscles are strong. (Str +4, Int/Dex
                  | -1) [Jiyva's grace]
112460 | Pan      | Lost mutation: Your spells are a little harder to cast, but
                  | a little more powerful. [Jiyva's grace]
112460 | Pan      | Lost mutation: You occasionally lose the ability to read
                  | scrolls when taking damage. [Jiyva's grace]
112460 | Pan      | Gained mutation: Your movements are slightly less
                  | encumbered by armour. (ER -2) [Jiyva's grace]
112460 | Pan      | Gained mutation: Your movements are less encumbered by
                  | armour. (ER -4) [Jiyva's grace]
112460 | Pan      | Gained mutation: Your movements are significantly less
                  | encumbered by armour. (ER -6) [Jiyva's grace]
112460 | Pan      | Gained mutation: Your melee attacks may engulf your foes in
                  | ooze. [Jiyva's grace]
112484 | Pan      | Entered the realm of Cerebov.
112686 | Pan      | Found the +6 sword of Cerebov {flame}
112686 | Pan      | Noticed Cerebov
112713 | Pan      | Killed Cerebov
112739 | Pan      | Got a fiery rune of Zot
112754 | Pan      | Identified the +7 demon blade "Igufey" {venom, Str+2}
112759 | Pan      | Identified the +1 leather armour of the Arcane {rCorr Int+3
                  | Dex+3}
112807 | Pan      | Identified the ring "Cocyufra" {rPois Will+ Str+2 SInv
                  | Stlth+}
112836 | Pan      | Identified the ring "Cugoimn" {^Drain Fly rElec Will++
                  | Dex+4}
112838 | Pan      | Identified the +0 helmet of Jufiokh {rPois rC+ MP+9 Int-4}
112905 | Pan      | Identified the staff of Corporal Punishment {Will+ Earth}
112917 | Pan      | Identified the +7 great mace of Patience {freeze, rF+
                  | Int+2}
113438 | Pan      | Entered the realm of Mnoleg.
113523 | Pan      | Gained mutation: Armour fits poorly on your strangely
                  | shaped body. [a cacodemon]
113536 | Pan      | Noticed Mnoleg
113536 | Pan      | Lost mutation: Your mind is acute. (Int +4, Str/Dex -1) [a
                  | cacodemon]
113631 | Pan      | Lost mutation: Armour fits poorly on your strangely shaped
                  | body. [Jiyva's grace]
113631 | Pan      | Gained mutation: Your system is resistant to poisons.
                  | (rPois) [Jiyva's grace]
113631 | Pan      | Gained mutation: You have large cloven feet. [Jiyva's
                  | grace]
113631 | Pan      | Gained mutation: You have hoof-like feet. [Jiyva's grace]
113631 | Pan      | Gained mutation: You have hooves in place of feet. [Jiyva's
                  | grace]
113731 | Pan      | Found an exit through the horrors of the Abyss.
113775 | Pan      | Killed Mnoleg
114027 | Pan      | Identified the +10 plate armour of Videparph {rC- rN++
                  | rCorr}
114188 | Pan      | Identified the +0 scale mail of the Arcane {MP+9 Int+4}
114260 | Pan      | Got a glowing rune of Zot
114343 | Pan      | Entered the realm of Gloorx Vloq.
114649 | Pan      | Found an exit through the horrors of the Abyss.
115048 | Pan      | Reached skill level 27 in Fighting
115088 | Pan      | Noticed Gloorx Vloq
115101 | Pan      | Killed Gloorx Vloq
115143 | Pan      | Got a dark rune of Zot
115346 | Pan      | Lost mutation: Your system is resistant to poisons. (rPois)
                  | [Jiyva's grace]
115346 | Pan      | Lost mutation: You heal very quickly. [Jiyva's grace]
115346 | Pan      | Lost mutation: Your movements are significantly less
                  | encumbered by armour. (ER -6) [Jiyva's grace]
115346 | Pan      | Gained mutation: Your movements are significantly less
                  | encumbered by armour. (ER -6) [Jiyva's grace]
115346 | Pan      | Gained mutation: Your mind is acute. (Int +4, Str/Dex -1)
                  | [Jiyva's grace]
115346 | Pan      | Gained mutation: Your mind is very acute. (Int +8, Str/Dex
                  | -2) [Jiyva's grace]
115346 | Pan      | Gained mutation: You passively dampen the noise of your
                  | surroundings. [Jiyva's grace]
115647 | Pan      | Found an exit through the horrors of the Abyss.
115655 | Pan      | Reached skill level 15 in Summonings
115915 | Pan      | Noticed Udecoy the pandemonium lord
115936 | Pan      | Killed Udecoy the pandemonium lord
115999 | Depths:1 | Escaped Pandemonium
116144 | Dis:1    | Entered Level 1 of the Iron City of Dis
116249 | Dis:1    | You are sucked into a shaft and drop 1 floor!
117604 | Dis:7    | Entered Level 7 of the Iron City of Dis
117879 | Dis:7    | Lost mutation: You have hooves in place of feet. [Jiyva's
                  | grace]
117879 | Dis:7    | Lost mutation: Your mind is very acute. (Int +8, Str/Dex
                  | -2) [Jiyva's grace]
117879 | Dis:7    | Lost mutation: Your natural rate of healing is unusually
                  | fast. [Jiyva's grace]
117879 | Dis:7    | Lost mutation: Your movements are significantly less
                  | encumbered by armour. (ER -6) [Jiyva's grace]
117879 | Dis:7    | Lost mutation: You passively dampen the noise of your
                  | surroundings. [Jiyva's grace]
117879 | Dis:7    | Gained mutation: You have a somewhat thin skeletal
                  | structure. (Dex +2, Stealth+) [Jiyva's grace]
117879 | Dis:7    | Gained mutation: You have a moderately thin skeletal
                  | structure. (Dex +4, Stealth++) [Jiyva's grace]
117879 | Dis:7    | Gained mutation: You have an unnaturally thin skeletal
                  | structure. (Dex +6, Stealth+++) [Jiyva's grace]
117879 | Dis:7    | Gained mutation: Your rubbery body absorbs attacks. (AC +1,
                  | EV +1) [Jiyva's grace]
118022 | Dis:7    | Reached skill level 27 in Long Blades
118595 | Dis:7    | Found the +3 giant club "Skullcrusher" {speed, Str+7}
118599 | Dis:7    | Identified the staff "Luediap" {*Corrode rF+ rC++ rN+ Necro
                  | Alchemy}
118673 | Dis:7    | Reached skill level 15 in Invocations
118738 | Dis:7    | Noticed the Serpent of Hell
118744 | Dis:7    | Noticed a juggernaut
118754 | Dis:7    | Killed the Serpent of Hell
118771 | Dis:7    | Killed a juggernaut
118778 | Dis:7    | Noticed a juggernaut
118785 | Dis:7    | Killed a juggernaut
118945 | Dis:7    | Noticed Dispater
119170 | Dis:7    | Noticed a juggernaut
119182 | Dis:7    | Killed a juggernaut
119240 | Dis:7    | Killed Dispater
119248 | Dis:7    | Identified the storm talisman "Sistri" {Will- Str+3 Dex+5}
119251 | Dis:7    | Got an iron rune of Zot
119256 | Dis:7    | Identified the +1 spear "Meamoniq" {spect, MP+9 Str+5
                  | Stlth-}
119557 | Tar:1    | Entered Level 1 of Tartarus
120339 | Pan      | Entered Pandemonium
120339 | Pan      | Lost mutation: You have hoof-like feet. [Jiyva's grace]
120339 | Pan      | Lost mutation: You are partially covered in large bone
                  | plates. (SH +4) [Jiyva's grace]
120339 | Pan      | Lost mutation: You have an unnaturally thin skeletal
                  | structure. (Dex +6, Stealth+++) [Jiyva's grace]
120339 | Pan      | Lost mutation: Your body has grown many eyes which may
                  | confuse attackers. (Acc +5) [Jiyva's grace]
120339 | Pan      | Lost mutation: Your movements are less encumbered by
                  | armour. (ER -4) [Jiyva's grace]
120339 | Pan      | Gained mutation: You are somewhat resistant to further
                  | mutation. [Jiyva's grace]
120339 | Pan      | Gained mutation: You are somewhat resistant to both further
                  | mutation and mutation removal. [Jiyva's grace]
120339 | Pan      | Gained mutation: You are almost entirely resistant to
                  | further mutation and mutation removal. [Jiyva's grace]
120339 | Pan      | Gained mutation: Your skin changes colour to match your
                  | surroundings (Stealth+). [Jiyva's grace]
120637 | Pan      | Noticed Zorrar the pandemonium lord
120655 | Pan      | Reached skill level 15 in Evocations
121288 | Pan      | Killed Zorrar the pandemonium lord
121696 | Pan      | Found an exit through the horrors of the Abyss.
121759 | Pan      | Lost mutation: Your flesh is cold resistant. (rC+) [Jiyva's
                  | grace]
121759 | Pan      | Lost mutation: Your rubbery body absorbs attacks. (AC +1,
                  | EV +1) [Jiyva's grace]
121759 | Pan      | Gained mutation: Your body has grown many eyes which may
                  | confuse attackers. (Acc +5) [Jiyva's grace]
121759 | Pan      | Gained mutation: Your body is covered in eyes which may
                  | confuse attackers. (Acc +7, SInv) [Jiyva's grace]
121759 | Pan      | Gained mutation: You are robust. (+10% HP) [Jiyva's grace]
121759 | Pan      | Gained mutation: You are very robust. (+20% HP) [Jiyva's
                  | grace]
121953 | Pan      | Noticed Nirok the pandemonium lord
121961 | Pan      | Killed Nirok the pandemonium lord
122262 | Depths:1 | Escaped Pandemonium
122418 | Depths:3 | You paid a toll of +4 fire dragon scales to enter a
                  | treasure trove
122419 | Trove    | Entered a treasure trove
122431 | Trove    | Identified the +1 kite shield of Inaction {-Tele Rampage
                  | rC++ Dex+2}
122433 | Trove    | Identified the +1 pair of gloves of Fyppas {Int+3 Stlth+}
122434 | Trove    | Identified the +0 pair of boots "Orai" {Str+4 SInv}
122442 | Trove    | Identified the +2 robe of Wu Jian's Scorn {Rampage Regen+
                  | Int+6}
122443 | Trove    | Identified the +2 plate armour of Henotheism {+Inv rCorr
                  | Int-4 Stlth+}
122445 | Trove    | Identified the +7 chain mail of the Neverending Loafs
                  | {Regen+ Int-5 Dex+7}
122446 | Trove    | Identified the +1 pair of gloves of the Rotten God {Str+2}
122447 | Trove    | Identified the +2 pair of boots of the Arcane {rPois Str+3
                  | Stlth+}
122452 | Trove    | Identified the +7 plate armour of Impatience {rC+}
123928 | Tar:7    | Entered Level 7 of Tartarus
124238 | Tar:7    | Lost mutation: You have large cloven feet. [Jiyva's grace]
124238 | Tar:7    | Lost mutation: Your mind is acute. (Int +4, Str/Dex -1)
                  | [Jiyva's grace]
124238 | Tar:7    | Lost mutation: You are almost entirely resistant to further
                  | mutation and mutation removal. [Jiyva's grace]
124238 | Tar:7    | Gained mutation: You are partially covered in iridescent
                  | scales. (AC +2) [Jiyva's grace]
124238 | Tar:7    | Gained mutation: You are mostly covered in iridescent
                  | scales. (AC +4) [Jiyva's grace]
124238 | Tar:7    | Gained mutation: You are completely covered in iridescent
                  | scales. (AC +6) [Jiyva's grace]
124238 | Tar:7    | Gained mutation: You have a pair of small antennae on your
                  | head. [Jiyva's grace]
124238 | Tar:7    | Noticed Ereshkigal
125743 | Abyss:4  | Cast into level 4 of the Abyss (profane servitor)
125769 | Tar:7    | Escaped the Abyss
125830 | Tar:7    | Killed Ereshkigal
125847 | Tar:7    | Got a bone rune of Zot
126524 | Tar:7    | Identified the +5 sling "Deabbyll" {drain, rN+ Dex+3}
126559 | Tar:7    | Identified the staff of Hexifuyc {rPois rN++ Int-5 Dex+6
                  | Alchemy}
126560 | Tar:7    | Identified the +1 demon trident "Linto" {pain, Will++}
126563 | Tar:7    | Identified the +6 war axe of Lekoxiyqi {elec, rPois rC+
                  | Str+2 Int+2}
126565 | Tar:7    | Identified the +1 short sword of Etuacirph {venom, Dex+3}
126568 | Tar:7    | Identified the staff of Ash {rN+ Dex+5 Necro}
126606 | Tar:7    | Identified the ring of Ojikhluja {Fly Int+4}
126950 | Geh:1    | Entered Level 1 of Gehenna
127326 | Geh:2    | Identified the +2 shortbow of Ocaw {antimagic, rPois Dex+3}
127360 | Geh:2    | Identified the +7 short sword of Gyoga {drain, Will+ Str-4
                  | Dex+4}
127532 | Geh:3    | Noticed a dread lich
127536 | Geh:3    | Killed a dread lich
127735 | Geh:3    | Found a corrupted altar of Lugonu.
128065 | Geh:5    | Noticed a dread lich
128070 | Geh:5    | Killed a dread lich
128569 | Geh:7    | Entered Level 7 of Gehenna
128643 | Geh:7    | Lost mutation: You have a pair of small antennae on your
                  | head. [Jiyva's grace]
128643 | Geh:7    | Lost mutation: You are completely covered in iridescent
                  | scales. (AC +6) [Jiyva's grace]
128643 | Geh:7    | Lost mutation: Your skin changes colour to match your
                  | surroundings (Stealth+). [Jiyva's grace]
128643 | Geh:7    | Gained mutation: You are strong-willed. (Will+) [Jiyva's
                  | grace]
128643 | Geh:7    | Gained mutation: You are highly strong-willed. (Will++)
                  | [Jiyva's grace]
128643 | Geh:7    | Gained mutation: You are extremely strong-willed. (Will+++)
                  | [Jiyva's grace]
128643 | Geh:7    | Gained mutation: You have sharp fingernails. [Jiyva's
                  | grace]
128846 | Geh:7    | Reached skill level 27 in Shields
129216 | Geh:7    | Found the +13 sceptre of Asmodeus
129216 | Geh:7    | Noticed Asmodeus
129229 | Geh:7    | Killed Asmodeus
129280 | Geh:7    | Identified the +7 fire dragon scales of Immorality {rF++
                  | rC- Str+2 Int+6}
129308 | Geh:7    | Identified the amulet "Ficic" {Spirit Fly Will+}
129333 | Geh:7    | Identified the +8 plate armour of Dawn {Int+2}
129334 | Geh:7    | Identified the +2 plate armour of Cuoninte {rF+}
129337 | Geh:7    | Got the Commentary on Chilly Production
129347 | Geh:7    | Got an obsidian rune of Zot
129355 | Geh:7    | Identified the +1 robe of Greater Demons {rN+ Str+2 Dex+3}
130245 | Slime:5  | Noticed the Royal Jelly
130342 | Slime:5  | Found a viscous altar of Jiyva.
130347 | Slime:5  | Identified the amulet of Generosity {Faith Will+ rCorr
                  | Int+4}
130363 | Slime:5  | Identified the staff of Peril {Fly rF+ Int-4 Dex+3 Stlth+
                  | Fire}
130365 | Slime:5  | Got a slimy rune of Zot
130752 | Coc:1    | Entered Level 1 of Cocytus
131011 | Coc:2    | Paralysed by a wendigo for 1 turns
131194 | Coc:3    | Reached skill level 27 in Translocations
132229 | Coc:7    | Entered Level 7 of Cocytus
132249 | Coc:7    | Noticed a dread lich
132264 | Coc:7    | Killed a dread lich
132662 | Coc:7    | Identified the +2 mace of Okeask {flame, rElec}
132978 | Coc:7    | Identified the +4 demon whip of Leymumu {elec, Will+ Str+2
                  | Dex+2}
132978 | Coc:7    | Noticed Antaeus
133001 | Coc:7    | Killed Antaeus
133016 | Coc:7    | Got an icy rune of Zot
133043 | Coc:7    | Upgraded the game from 0.32-a0-938-g40ac7a0f4d to
                  | 0.32-a0-953-g508020473e
133548 | Tomb:1   | Entered Level 1 of the Tomb of the Ancients
133691 | Tomb:1   | Lost mutation: You are extremely strong-willed. (Will+++)
                  | [Jiyva's grace]
133691 | Tomb:1   | Gained mutation: You have a pair of small horns on your
                  | head. [Jiyva's grace]
133691 | Tomb:1   | Gained mutation: You have a pair of horns on your head.
                  | [Jiyva's grace]
133691 | Tomb:1   | Gained mutation: You have a pair of large horns on your
                  | head. [Jiyva's grace]
133691 | Tomb:1   | Gained mutation: Armour fits poorly on your pseudopods.
                  | [Jiyva's grace]
133964 | Tomb:1   | Noticed a royal mummy
133980 | Tomb:1   | Killed a royal mummy
134200 | Tomb:1   | Identified the staff "Rasuphet" {rCorr Int+3 Conj Air
                  | Earth}
134502 | Tomb:2   | Noticed a royal mummy
134508 | Tomb:2   | Killed a royal mummy
134515 | Tomb:2   | Noticed a royal mummy
134522 | Tomb:2   | Noticed a royal mummy
134529 | Tomb:2   | Killed a royal mummy
134532 | Tomb:2   | Killed a royal mummy
134541 | Tomb:2   | Noticed a royal mummy
134546 | Tomb:2   | Killed a royal mummy
134933 | Tomb:1   | Noticed a royal mummy
134935 | Tomb:1   | Noticed a royal mummy
134939 | Tomb:1   | Killed a royal mummy
134940 | Tomb:1   | Killed a royal mummy
134958 | Tomb:1   | Noticed a royal mummy
134960 | Tomb:1   | Slimified a royal mummy
134960 | Tomb:1   | a royal mummy changed into an acid blob
134972 | Tomb:1   | Noticed a royal mummy
134980 | Tomb:1   | Killed a royal mummy
135020 | Tomb:1   | Noticed a royal mummy
135024 | Tomb:1   | Killed a royal mummy
135060 | Tomb:1   | Noticed a royal mummy
135066 | Tomb:1   | Killed a royal mummy
135127 | Tomb:1   | Noticed a royal mummy
135127 | Tomb:1   | Noticed a royal mummy
135130 | Tomb:1   | Killed a royal mummy
135131 | Tomb:1   | Killed a royal mummy
135171 | Tomb:1   | Noticed a royal mummy
135179 | Tomb:1   | Killed a royal mummy
135211 | Tomb:1   | Noticed a royal mummy
135214 | Tomb:1   | Killed a royal mummy
135229 | Tomb:1   | Noticed a royal mummy
135231 | Tomb:1   | Noticed a royal mummy
135235 | Tomb:1   | Killed a royal mummy
135235 | Tomb:1   | Killed a royal mummy
135318 | Tomb:1   | Noticed a royal mummy
135321 | Tomb:1   | Noticed a royal mummy
135323 | Tomb:1   | Slimified a royal mummy
135323 | Tomb:1   | a royal mummy changed into an acid blob
135327 | Tomb:1   | Killed a royal mummy
135339 | Tomb:1   | Noticed a royal mummy
135344 | Tomb:1   | Killed a royal mummy
135402 | Tomb:1   | Noticed a royal mummy
135409 | Tomb:1   | Killed a royal mummy
135541 | Tomb:2   | Lost mutation: You have sharp fingernails. [Jiyva's grace]
135541 | Tomb:2   | Lost mutation: You have a pair of large horns on your head.
                  | [Jiyva's grace]
135541 | Tomb:2   | Lost mutation: You are highly strong-willed. (Will++)
                  | [Jiyva's grace]
135541 | Tomb:2   | Lost mutation: You are somewhat resistant to both further
                  | mutation and mutation removal. [Jiyva's grace]
135541 | Tomb:2   | Lost mutation: You are very robust. (+20% HP) [Jiyva's
                  | grace]
135541 | Tomb:2   | Lost mutation: You have acidic saliva. [Jiyva's grace]
135541 | Tomb:2   | Lost mutation: Your body is covered in eyes which may
                  | confuse attackers. (Acc +7, SInv) [Jiyva's grace]
135541 | Tomb:2   | Lost mutation: Your body has grown many eyes which may
                  | confuse attackers. (Acc +5) [Jiyva's grace]
135541 | Tomb:2   | Lost mutation: Your movements are slightly less encumbered
                  | by armour. (ER -2) [Jiyva's grace]
135541 | Tomb:2   | Lost mutation: Your melee attacks may engulf your foes in
                  | ooze. [Jiyva's grace]
135541 | Tomb:2   | Gained mutation: You are covered in slimy tendrils that may
                  | disarm your opponents. [Jiyva's grace]
135541 | Tomb:2   | Gained mutation: You have a small jelly attached to you
                  | that senses nearby items. [Jiyva's grace]
135541 | Tomb:2   | Gained mutation: You are completely covered in iridescent
                  | scales. (AC +6) [Jiyva's grace]
135541 | Tomb:2   | Gained mutation: You are partially covered in large bone
                  | plates. (SH +4) [Jiyva's grace]
136045 | Pan      | Entered Pandemonium
136074 | Pan      | Found an exit through the horrors of the Abyss.
136127 | Pan      | Noticed Decwonod the pandemonium lord
136130 | Pan      | Killed Decwonod the pandemonium lord
136868 | Pan      | Found an exit through the horrors of the Abyss.
136929 | Pan      | Reached skill level 1 in Shapeshifting
136934 | Pan      | Noticed Warraso the pandemonium lord
136947 | Pan      | Killed Warraso the pandemonium lord
137244 | Pan      | Lost mutation: You have a pair of horns on your head.
                  | [Jiyva's grace]
137244 | Pan      | Lost mutation: You are somewhat resistant to further
                  | mutation. [Jiyva's grace]
137244 | Pan      | Lost mutation: Your body has grown eyes which may confuse
                  | attackers. (Acc +3) [Jiyva's grace]
137244 | Pan      | Gained mutation: You expend magic power (3 MP) to
                  | strengthen your wands. [Jiyva's grace]
137244 | Pan      | Gained mutation: You have a small jelly attached to you
                  | that may absorb projectiles. [Jiyva's grace]
137244 | Pan      | Gained mutation: Your spells are a little harder to cast,
                  | but a little more powerful. [Jiyva's grace]
137244 | Pan      | Gained mutation: Your spells are harder to cast, but more
                  | powerful. [Jiyva's grace]
137620 | Pan      | Reached skill level 27 in Dodging
137784 | Pan      | Found an exit through the horrors of the Abyss.
137818 | Pan      | Noticed Rougen the pandemonium lord
137827 | Pan      | Killed Rougen the pandemonium lord
138247 | Depths:1 | Escaped Pandemonium
138876 | Pan      | Entered Pandemonium
138931 | Pan      | Noticed Cuaqug the pandemonium lord
138940 | Pan      | Killed Cuaqug the pandemonium lord
138941 | Pan      | Reached skill level 5 in Shapeshifting
139268 | Pan      | Found an exit through the horrors of the Abyss.
139336 | Pan      | Identified the +8 halberd of the Thieving Hawk {protect,
                  | Will+ rCorr Dex+5}
139605 | Pan      | Lost mutation: You are strong-willed. (Will+) [Jiyva's
                  | grace]
139605 | Pan      | Gained mutation: Your spells are much harder to cast, but
                  | much more powerful. [Jiyva's grace]
139605 | Pan      | Gained mutation: You have very sharp teeth. [Jiyva's grace]
139605 | Pan      | Gained mutation: You have extremely sharp teeth. [Jiyva's
                  | grace]
139605 | Pan      | Gained mutation: You have razor-sharp teeth. [Jiyva's
                  | grace]
139609 | Pan      | Found an exit through the horrors of the Abyss.
139861 | Pan      | Noticed Imank the pandemonium lord
139865 | Pan      | Killed Imank the pandemonium lord
139914 | Pan      | Gained mutation: Your health recovers twice as slowly from
                  | being drained. [a cacodemon]
140179 | Pan      | Noticed Leudgh the pandemonium lord
140196 | Pan      | Killed Leudgh the pandemonium lord
140742 | Pan      | Noticed Xuffy the pandemonium lord
140754 | Pan      | Killed Xuffy the pandemonium lord
140831 | Pan      | Lost mutation: You have razor-sharp teeth. [Jiyva's grace]
140831 | Pan      | Lost mutation: Your spells are much harder to cast, but
                  | much more powerful. [Jiyva's grace]
140831 | Pan      | Lost mutation: Your spells are harder to cast, but more
                  | powerful. [Jiyva's grace]
140831 | Pan      | Lost mutation: You are covered in slimy tendrils that may
                  | disarm your opponents. [Jiyva's grace]
140831 | Pan      | Lost mutation: You have a small jelly attached to you that
                  | senses nearby items. [Jiyva's grace]
140831 | Pan      | Lost mutation: You have a small jelly attached to you that
                  | may absorb projectiles. [Jiyva's grace]
140831 | Pan      | Gained mutation: You are covered in slimy tendrils that may
                  | disarm your opponents. [Jiyva's grace]
140831 | Pan      | Gained mutation: You possess an exceptional clarity of
                  | mind. [Jiyva's grace]
140831 | Pan      | Gained mutation: You have a pair of horns on your head.
                  | [Jiyva's grace]
140831 | Pan      | Gained mutation: You have a pair of large horns on your
                  | head. [Jiyva's grace]
141786 | Pan      | Noticed Muocsamo the pandemonium lord
141802 | Pan      | Killed Muocsamo the pandemonium lord
141807 | Pan      | Lost mutation: You have extremely sharp teeth. [Jiyva's
                  | grace]
141807 | Pan      | Lost mutation: You have a pair of large horns on your head.
                  | [Jiyva's grace]
141807 | Pan      | Lost mutation: You have a pair of horns on your head.
                  | [Jiyva's grace]
141807 | Pan      | Gained mutation: Your translucent skin slightly reduces
                  | your foes' accuracy. (Stealth+) [Jiyva's grace]
141807 | Pan      | Gained mutation: Your translucent skin reduces your foes'
                  | accuracy. (Stealth+) [Jiyva's grace]
141807 | Pan      | Gained mutation: Your transparent skin significantly
                  | reduces your foes' accuracy. (Stealth+) [Jiyva's grace]
141807 | Pan      | Gained mutation: You are covered in fur. (AC +1) [Jiyva's
                  | grace]
142199 | Pan      | Found an exit through the horrors of the Abyss.
142575 | Pan      | Identified the +8 demon blade of the Coward {drain, rN+
                  | Dex+7}
143159 | Pan      | Lost mutation: You have a moderately thin skeletal
                  | structure. (Dex +4, Stealth++) [Jiyva's grace]
143159 | Pan      | Lost mutation: Your health recovers twice as slowly from
                  | being drained. [Jiyva's grace]
143159 | Pan      | Gained mutation: You have acidic saliva. [Jiyva's grace]
143159 | Pan      | Gained mutation: Your muscles are strong. (Str +4, Int/Dex
                  | -1) [Jiyva's grace]
143159 | Pan      | Gained mutation: Your muscles are very strong. (Str +8,
                  | Int/Dex -2) [Jiyva's grace]
143159 | Pan      | Gained mutation: You have hidden genetic potential.
                  | [Jiyva's grace]
143691 | Pan      | Found an exit through the horrors of the Abyss.
143812 | Pan      | Identified the +6 glaive of Unaxtya {flame, Dex+4}
143832 | Pan      | Reached skill level 10 in Shapeshifting
144011 | Pan      | Identified the +1 pair of gloves "Qohom" {Harm Int+5}
144268 | Pan      | Noticed Mennas
144275 | Pan      | Killed Mennas
144368 | Pan      | Found an exit through the horrors of the Abyss.
144496 | Pan      | Noticed Xepreadgh the pandemonium lord
144500 | Pan      | Killed Xepreadgh the pandemonium lord
144559 | Pan      | Identified the +2 leather armour of Cochosot {rElec Stlth+}
145065 | Pan      | Lost mutation: You are completely covered in iridescent
                  | scales. (AC +6) [Jiyva's grace]
145065 | Pan      | Lost mutation: You have a somewhat thin skeletal structure.
                  | (Dex +2, Stealth+) [Jiyva's grace]
145065 | Pan      | Lost mutation: You possess an exceptional clarity of mind.
                  | [Jiyva's grace]
145065 | Pan      | Lost mutation: Your muscles are very strong. (Str +8,
                  | Int/Dex -2) [Jiyva's grace]
145065 | Pan      | Lost mutation: Your muscles are strong. (Str +4, Int/Dex
                  | -1) [Jiyva's grace]
145065 | Pan      | Lost mutation: You have acidic saliva. [Jiyva's grace]
145065 | Pan      | Lost mutation: Armour fits poorly on your pseudopods.
                  | [Jiyva's grace]
145065 | Pan      | Lost mutation: Your transparent skin significantly reduces
                  | your foes' accuracy. (Stealth+) [Jiyva's grace]
145065 | Pan      | Lost mutation: Your translucent skin reduces your foes'
                  | accuracy. (Stealth+) [Jiyva's grace]
145065 | Pan      | Lost mutation: You are covered in slimy tendrils that may
                  | disarm your opponents. [Jiyva's grace]
145065 | Pan      | Gained mutation: You are completely covered in iridescent
                  | scales. (AC +6) [Jiyva's grace]
145065 | Pan      | Gained mutation: You are agile. (Dex +4, Str/Int -1)
                  | [Jiyva's grace]
145065 | Pan      | Gained mutation: You are very agile. (Dex +8, Str/Int -2)
                  | [Jiyva's grace]
145065 | Pan      | Gained mutation: You have great hidden genetic potential.
                  | [Jiyva's grace]
145113 | Pan      | Found an exit through the horrors of the Abyss.
145227 | Pan      | Found a runed translucent door.
145386 | Pan      | Identified the +1 leather armour of Osiuhiog {rElec Str+5
                  | Dex-4}
145666 | Pan      | Noticed Axiluq the pandemonium lord
145675 | Pan      | Killed Axiluq the pandemonium lord
145716 | Pan      | Found an exit through the horrors of the Abyss.
145760 | Pan      | Noticed Ziedah the pandemonium lord
145764 | Pan      | Killed Ziedah the pandemonium lord
145798 | Pan      | Lost mutation: You have great hidden genetic potential. [a
                  | cacodemon]
146182 | Pan      | Gained mutation: A frigid envelope surrounds you and
                  | freezes all who hurt you. [hidden potential]
146419 | Pan      | Identified the +9 mace "Viumanagg" {speed, Fly rC++ Int+2
                  | Dex-4}
146889 | Pan      | Lost mutation: You are very agile. (Dex +8, Str/Int -2)
                  | [Jiyva's grace]
146889 | Pan      | Lost mutation: You are covered in fur. (AC +1) [Jiyva's
                  | grace]
146889 | Pan      | Lost mutation: Your spells are a little harder to cast, but
                  | a little more powerful. [Jiyva's grace]
146889 | Pan      | Lost mutation: Your translucent skin slightly reduces your
                  | foes' accuracy. (Stealth+) [Jiyva's grace]
146889 | Pan      | Lost mutation: You expend magic power (3 MP) to strengthen
                  | your wands. [Jiyva's grace]
146889 | Pan      | Gained mutation: Your flesh is cold resistant. (rC+)
                  | [Jiyva's grace]
146889 | Pan      | Gained mutation: Your flesh is very cold resistant. (rC++)
                  | [Jiyva's grace]
146889 | Pan      | Gained mutation: Your flesh is almost immune to the effects
                  | of cold. (rC+++) [Jiyva's grace]
146889 | Pan      | Gained mutation: Your body has grown eyes which may confuse
                  | attackers. (Acc +3) [Jiyva's grace]
146926 | Pan      | Found an exit through the horrors of the Abyss.
147290 | Pan      | Noticed Cagigg the pandemonium lord
147298 | Pan      | Killed Cagigg the pandemonium lord
147608 | Pan      | Found an exit through the horrors of the Abyss.
147704 | Pan      | Identified the +3 scale mail of Iluyviush {Harm Regen+
                  | Dex+3}
147915 | Pan      | Lost mutation: You have very sharp teeth. [Jiyva's grace]
147915 | Pan      | Lost mutation: Your flesh is almost immune to the effects
                  | of cold. (rC+++) [Jiyva's grace]
147915 | Pan      | Lost mutation: A frigid envelope surrounds you and freezes
                  | all who hurt you. [Jiyva's grace]
147915 | Pan      | Gained mutation: Your flesh is heat resistant. (rF+)
                  | [Jiyva's grace]
147915 | Pan      | Gained mutation: Your flesh is very heat resistant. (rF++)
                  | [Jiyva's grace]
147915 | Pan      | Gained mutation: Your flesh is almost immune to the effects
                  | of heat. (rF+++) [Jiyva's grace]
147915 | Pan      | Gained mutation: Your rubbery body absorbs attacks. (AC +1,
                  | EV +1) [Jiyva's grace]
147923 | Pan      | Noticed Xepio the pandemonium lord
147932 | Pan      | Killed Xepio the pandemonium lord
148265 | Pan      | Noticed Kempodag the pandemonium lord
148282 | Pan      | Killed Kempodag the pandemonium lord
148523 | Pan      | Found an exit through the horrors of the Abyss.
149047 | Pan      | Found an exit through the horrors of the Abyss.
149241 | Pan      | Lost mutation: You are completely covered in iridescent
                  | scales. (AC +6) [Jiyva's grace]
149241 | Pan      | Lost mutation: Your flesh is very cold resistant. (rC++)
                  | [Jiyva's grace]
149241 | Pan      | Lost mutation: Your flesh is almost immune to the effects
                  | of heat. (rF+++) [Jiyva's grace]
149241 | Pan      | Lost mutation: Your rubbery body absorbs attacks. (AC +1,
                  | EV +1) [Jiyva's grace]
149241 | Pan      | Gained mutation: You have acidic saliva. [Jiyva's grace]
149241 | Pan      | Gained mutation: Your system is resistant to poisons.
                  | (rPois) [Jiyva's grace]
149241 | Pan      | Gained mutation: You expend magic power (3 MP) to
                  | strengthen your wands. [Jiyva's grace]
149241 | Pan      | Gained mutation: You are covered in slimy tendrils that may
                  | disarm your opponents. [Jiyva's grace]
149423 | Pan      | Noticed Lykeyxaz the pandemonium lord
149428 | Pan      | Killed Lykeyxaz the pandemonium lord
149636 | Pan      | Identified the +1 hand axe "Ceykonah" {freeze, rF+ rC++
                  | Str+3 Dex-2}
150037 | Pan      | Gained mutation: You are covered in fur. (AC +1) [hidden
                  | potential]
150037 | Pan      | Lost mutation: You have hidden genetic potential. [hidden
                  | potential expressed]
150657 | Pan      | Found an exit through the horrors of the Abyss.
150750 | Pan      | Noticed Boxef the pandemonium lord
150763 | Pan      | Killed Boxef the pandemonium lord
151011 | Pan      | Reached skill level 15 in Shapeshifting
151059 | Pan      | Lost mutation: You have a pair of small horns on your head.
                  | [Jiyva's grace]
151059 | Pan      | Lost mutation: You are mostly covered in iridescent scales.
                  | (AC +4) [Jiyva's grace]
151059 | Pan      | Lost mutation: Your flesh is very heat resistant. (rF++)
                  | [Jiyva's grace]
151059 | Pan      | Lost mutation: You are robust. (+10% HP) [Jiyva's grace]
151059 | Pan      | Lost mutation: You have acidic saliva. [Jiyva's grace]
151059 | Pan      | Lost mutation: Your body has grown eyes which may confuse
                  | attackers. (Acc +3) [Jiyva's grace]
151059 | Pan      | Gained mutation: You have sharp toenails. [Jiyva's grace]
151059 | Pan      | Gained mutation: You have razor-sharp toenails. [Jiyva's
                  | grace]
151059 | Pan      | Gained mutation: You have claws for feet. [Jiyva's grace]
151059 | Pan      | Gained mutation: You have sharp fingernails. [Jiyva's
                  | grace]
151213 | Pan      | Reached skill level 27 in Armour
151219 | Pan      | Noticed Ucosi the pandemonium lord
151223 | Pan      | Killed Ucosi the pandemonium lord
151396 | Pan      | Found an exit through the horrors of the Abyss.
151720 | Pan      | Noticed Ahelodgh the pandemonium lord
151727 | Pan      | Killed Ahelodgh the pandemonium lord
151746 | Pan      | Found an exit through the horrors of the Abyss.
152512 | Pan      | Lost mutation: Your flesh is cold resistant. (rC+) [Jiyva's
                  | grace]
152512 | Pan      | Gained mutation: You are very agile. (Dex +8, Str/Int -2)
                  | [Jiyva's grace]
152512 | Pan      | Gained mutation: Your mind is acute. (Int +4, Str/Dex -1)
                  | [Jiyva's grace]
152512 | Pan      | Gained mutation: Your mind is very acute. (Int +8, Str/Dex
                  | -2) [Jiyva's grace]
152512 | Pan      | Gained mutation: You have a small jelly attached to you
                  | that may absorb projectiles. [Jiyva's grace]
152644 | Pan      | Noticed Cuulewoi the pandemonium lord
152660 | Pan      | Killed Cuulewoi the pandemonium lord
152966 | Pan      | Found an exit through the horrors of the Abyss.
153150 | Pan      | Noticed Hocaga Yfole the pandemonium lord
153155 | Pan      | Killed Hocaga Yfole the pandemonium lord
153249 | Pan      | Found an exit through the horrors of the Abyss.
153341 | Pan      | Found an ancient bone altar of Kikubaaqudgha.
153870 | Pan      | Lost mutation: You have claws for feet. [Jiyva's grace]
153870 | Pan      | Lost mutation: You have razor-sharp toenails. [Jiyva's
                  | grace]
153870 | Pan      | Lost mutation: You are partially covered in iridescent
                  | scales. (AC +2) [Jiyva's grace]
153870 | Pan      | Lost mutation: You are partially covered in large bone
                  | plates. (SH +4) [Jiyva's grace]
153870 | Pan      | Lost mutation: You are very agile. (Dex +8, Str/Int -2)
                  | [Jiyva's grace]
153870 | Pan      | Lost mutation: You have a small jelly attached to you that
                  | may absorb projectiles. [Jiyva's grace]
153870 | Pan      | Gained mutation: You have a pair of small antennae on your
                  | head. [Jiyva's grace]
153870 | Pan      | Gained mutation: You have a pair of antennae on your head.
                  | [Jiyva's grace]
153870 | Pan      | Gained mutation: You have a pair of large antennae on your
                  | head. (SInv) [Jiyva's grace]
153870 | Pan      | Gained mutation: You have a small jelly attached to you
                  | that senses nearby items. [Jiyva's grace]
154440 | Pan      | Identified the +9 storm dragon scales of the Everdark
                  | {rElec Will- Int+4}
154445 | Pan      | Noticed Ychol the pandemonium lord
154452 | Pan      | Killed Ychol the pandemonium lord
155023 | Pan      | Found an exit through the horrors of the Abyss.
155279 | Pan      | Lost mutation: Your mind is very acute. (Int +8, Str/Dex
                  | -2) [Jiyva's grace]
155279 | Pan      | Lost mutation: Your mind is acute. (Int +4, Str/Dex -1)
                  | [Jiyva's grace]
155279 | Pan      | Gained mutation: You are covered in thick fur. (AC +2)
                  | [Jiyva's grace]
155279 | Pan      | Gained mutation: Your thick and shaggy fur keeps you warm.
                  | (AC +3, rC+) [Jiyva's grace]
155279 | Pan      | Gained mutation: You have acidic saliva. [Jiyva's grace]
155279 | Pan      | Gained mutation: You have a small jelly attached to you
                  | that may absorb projectiles. [Jiyva's grace]
155288 | Pan      | Noticed Toab the pandemonium lord
155296 | Pan      | Killed Toab the pandemonium lord
155298 | Pan      | Gained mutation: Armour fits poorly on your strangely
                  | shaped body. [a cacodemon]
155399 | Pan      | Gained mutation: Potions are less effective at restoring
                  | your health. [a cacodemon]
155789 | Pan      | Found an exit through the horrors of the Abyss.
155806 | Pan      | Noticed Qihatafa the pandemonium lord
155824 | Pan      | Killed Qihatafa the pandemonium lord
156352 | Pan      | Found an exit through the horrors of the Abyss.
156474 | Pan      | Acquired 793 gold pieces
156478 | Pan      | Found a runed translucent door.
156482 | Pan      | Found a runed translucent door.
156500 | Pan      | Identified the +7 short sword of the Dull God {freeze,
                  | rPois rF+ rN++ Stlth-}
156577 | Pan      | Identified the +5 ring mail of Kiodo {Will+ rCorr Dex+4}
156594 | Pan      | Identified the death talisman of Qeegak {Str+5}
156627 | Pan      | Found a runed translucent door.
156635 | Pan      | Found a runed translucent door.
156970 | Pan      | Noticed Fepevime the pandemonium lord
156986 | Pan      | Killed Fepevime the pandemonium lord
157004 | Pan      | Identified the ring "Meqiclas" {rF+ rN+ AC+4 Int-3 Stlth+}
157031 | Pan      | Identified the +7 spear "Pendulum" {flame, Str+6 Dex+3}
157291 | Pan      | Found an exit through the horrors of the Abyss.
157346 | Pan      | Noticed Usiaruir the pandemonium lord
157351 | Pan      | Killed Usiaruir the pandemonium lord
157607 | Depths:1 | Escaped Pandemonium
157901 | Lair:5   | Upgraded the game from 0.32-a0-953-g508020473e to
                  | 0.32-a0-960-g3814254bd7
158217 | Pan      | Entered Pandemonium
158296 | Pan      | Lost mutation: You have sharp toenails. [Jiyva's grace]
158296 | Pan      | Lost mutation: Armour fits poorly on your strangely shaped
                  | body. [Jiyva's grace]
158296 | Pan      | Lost mutation: Your thick and shaggy fur keeps you warm.
                  | (AC +3, rC+) [Jiyva's grace]
158296 | Pan      | Gained mutation: Your flesh is very heat resistant. (rF++)
                  | [Jiyva's grace]
158296 | Pan      | Gained mutation: Your flesh is almost immune to the effects
                  | of heat. (rF+++) [Jiyva's grace]
158296 | Pan      | Gained mutation: Your spells are a little harder to cast,
                  | but a little more powerful. [Jiyva's grace]
158296 | Pan      | Gained mutation: Your spells are harder to cast, but more
                  | powerful. [Jiyva's grace]
158741 | Pan      | Found a huge runed translucent gate.
158741 | Pan      | Found a huge runed translucent gate.
158742 | Pan      | Found a huge runed translucent gate.
158742 | Pan      | Found a huge runed translucent gate.
158742 | Pan      | Found a huge runed translucent gate.
158743 | Pan      | Found a huge runed translucent gate.
158744 | Pan      | Found a huge runed translucent gate.
158744 | Pan      | Found a huge runed translucent gate.
158745 | Pan      | Found a huge runed translucent gate.
158745 | Pan      | Found a huge runed translucent gate.
158745 | Pan      | Found a huge runed translucent gate.
158746 | Pan      | Found a huge runed translucent gate.
158746 | Pan      | Found a huge runed translucent gate.
158746 | Pan      | Found a huge runed translucent gate.
158746 | Pan      | Found a huge runed translucent gate.
158746 | Pan      | Found a huge runed translucent gate.
158746 | Pan      | Noticed Iloe the pandemonium lord
158747 | Pan      | Found a huge runed translucent gate.
158747 | Pan      | Found a huge runed translucent gate.
158747 | Pan      | Found a huge runed translucent gate.
158747 | Pan      | Found a huge runed translucent gate.
158747 | Pan      | Found a huge runed translucent gate.
158767 | Pan      | Identified the +0 robe of Plasticity {rC++}
158779 | Pan      | Killed Iloe the pandemonium lord
159057 | Pan      | Found an exit through the horrors of the Abyss.
159233 | Pan      | Noticed Ewagho the pandemonium lord
159255 | Pan      | Killed Ewagho the pandemonium lord
159783 | Pan      | Noticed Awuseirch the pandemonium lord
159793 | Pan      | Killed Awuseirch the pandemonium lord
159843 | Pan      | Identified the ring of Uzaugo {rF- rC+ rN+ Int+2 Stlth+}
160046 | Pan      | Lost mutation: You have a pair of large antennae on your
                  | head. (SInv) [Jiyva's grace]
160046 | Pan      | Lost mutation: You have sharp fingernails. [Jiyva's grace]
160046 | Pan      | Lost mutation: You are covered in thick fur. (AC +2)
                  | [Jiyva's grace]
160046 | Pan      | Lost mutation: You are covered in slimy tendrils that may
                  | disarm your opponents. [Jiyva's grace]
160046 | Pan      | Lost mutation: You have a small jelly attached to you that
                  | senses nearby items. [Jiyva's grace]
160046 | Pan      | Lost mutation: You have a small jelly attached to you that
                  | may absorb projectiles. [Jiyva's grace]
160046 | Pan      | Lost mutation: Potions are less effective at restoring your
                  | health. [Jiyva's grace]
160046 | Pan      | Lost mutation: You expend magic power (3 MP) to strengthen
                  | your wands. [Jiyva's grace]
160046 | Pan      | Gained mutation: Your movements are slightly less
                  | encumbered by armour. (ER -2) [Jiyva's grace]
160046 | Pan      | Gained mutation: Your movements are less encumbered by
                  | armour. (ER -4) [Jiyva's grace]
160046 | Pan      | Gained mutation: Your movements are significantly less
                  | encumbered by armour. (ER -6) [Jiyva's grace]
160046 | Pan      | Gained mutation: You have hidden genetic potential.
                  | [Jiyva's grace]
160601 | Pan      | Noticed Ginke the pandemonium lord
160607 | Pan      | Killed Ginke the pandemonium lord
160784 | Pan      | Found an exit through the horrors of the Abyss.
161256 | Pan      | Found an exit through the horrors of the Abyss.
161458 | Pan      | Noticed Migetius the pandemonium lord
161463 | Pan      | Killed Migetius the pandemonium lord
161674 | Pan      | Lost mutation: Your flesh is almost immune to the effects
                  | of heat. (rF+++) [Jiyva's grace]
161674 | Pan      | Lost mutation: Your flesh is very heat resistant. (rF++)
                  | [Jiyva's grace]
161674 | Pan      | Lost mutation: Your movements are significantly less
                  | encumbered by armour. (ER -6) [Jiyva's grace]
161674 | Pan      | Gained mutation: Your rubbery body absorbs attacks. (AC +1,
                  | EV +1) [Jiyva's grace]
161674 | Pan      | Gained mutation: Your pliable body absorbs attacks. (AC +2,
                  | EV +2) [Jiyva's grace]
161674 | Pan      | Gained mutation: Your gelatinous body deflects attacks. (AC
                  | +3, EV +3) [Jiyva's grace]
161674 | Pan      | Gained mutation: Your spells are much harder to cast, but
                  | much more powerful. [Jiyva's grace]
161793 | Pan      | Noticed Gaulonim the pandemonium lord
161799 | Pan      | Killed Gaulonim the pandemonium lord
162437 | Pan      | Identified the +7 short sword of Freehold {freeze, Dex+3
                  | SInv}
162466 | Depths:1 | Escaped Pandemonium
163140 | Tomb:3   | Entered Level 3 of the Tomb of the Ancients
163191 | Tomb:3   | Noticed a royal mummy
163200 | Tomb:3   | Killed a royal mummy
163206 | Tomb:3   | Noticed a royal mummy
163207 | Tomb:3   | Noticed a royal mummy
163217 | Tomb:3   | Killed a royal mummy
163217 | Tomb:3   | Killed a royal mummy
163259 | Tomb:3   | Noticed a royal mummy
163263 | Tomb:3   | Noticed a royal mummy
163267 | Tomb:3   | Killed a royal mummy
163271 | Tomb:3   | Noticed a royal mummy
163272 | Tomb:3   | Killed a royal mummy
163273 | Tomb:3   | Noticed a royal mummy
163273 | Tomb:3   | Noticed a royal mummy
163280 | Tomb:3   | Killed a royal mummy
163280 | Tomb:3   | Killed a royal mummy
163281 | Tomb:3   | Noticed a royal mummy
163283 | Tomb:3   | Killed a royal mummy
163291 | Tomb:3   | Killed a royal mummy
163381 | Tomb:3   | Identified the staff "Idaimit" {rF- rN+ Summ Earth}
163383 | Tomb:3   | Identified the staff of the Equinox {rC+ Int-4 Conj Summ}
163393 | Tomb:3   | Identified the +1 hat of Peopsauh {rN+++ Will+ MP+9 Dex+2}
163404 | Tomb:3   | Identified the amulet "Cudd" {Faith *Corrode rPois SInv
                  | Stlth+}
163410 | Tomb:3   | Identified the +5 glaive of Fefexzat {holy, rPois rN+
                  | rCorr}
163413 | Tomb:3   | Identified the staff of Destiny {rElec Int+3 Air}
163419 | Tomb:3   | Identified the ring "Veybaps" {rElec rPois Str-3 Int+5
                  | Dex+6}
163543 | Tomb:3   | Got the Notes on Conflict
163625 | Tomb:3   | Got a golden rune of Zot
164160 | Pan      | Entered Pandemonium
164341 | Pan      | Found an exit through the horrors of the Abyss.
164511 | Pan      | Noticed Apiod the pandemonium lord
164520 | Pan      | Killed Apiod the pandemonium lord
164563 | Pan      | Identified the +2 war axe of Uvoacs {drain, rF+}
165091 | Pan      | Noticed Akkokal the pandemonium lord
165099 | Pan      | Killed Akkokal the pandemonium lord
165111 | Pan      | Identified the ring of Meaw {+Blink rElec rF+ rC- MP+9}
165635 | Pan      | Found an exit through the horrors of the Abyss.
166179 | Pan      | Identified the +0 falchion "Vairhiv" {venom, rElec rC+
                  | Str+4}
166205 | Pan      | Reached skill level 27 in Shapeshifting
166413 | Pan      | Noticed Osae the pandemonium lord
166415 | Pan      | Reached skill level 27 in Throwing
166416 | Pan      | Killed Osae the pandemonium lord
166520 | Pan      | Noticed Qichaadi the pandemonium lord
166524 | Pan      | Killed Qichaadi the pandemonium lord
166782 | Pan      | Found an exit through the horrors of the Abyss.
167343 | Pan      | Noticed Geacekk the pandemonium lord
167351 | Pan      | Killed Geacekk the pandemonium lord
167610 | Pan      | Found an exit through the horrors of the Abyss.
168084 | Pan      | Noticed Lehaykess the pandemonium lord
168111 | Pan      | Killed Lehaykess the pandemonium lord
168115 | Pan      | Identified the ring of Jaonis {Fly Int+4}
168164 | Pan      | Identified the +1 plate armour "Uloono" {rN+ Regen+ Str+3
                  | Dex-3}
168456 | Pan      | Found an exit through the horrors of the Abyss.
168727 | Pan      | Noticed Waoxt the pandemonium lord
168745 | Pan      | Killed Waoxt the pandemonium lord
169056 | Pan      | Found an exit through the horrors of the Abyss.
169809 | Pan      | Noticed Iseotaix the pandemonium lord
169817 | Pan      | Killed Iseotaix the pandemonium lord
170074 | Pan      | Found an exit through the horrors of the Abyss.
170099 | Pan      | Noticed Hielola the pandemonium lord
170119 | Pan      | Killed Hielola the pandemonium lord
170459 | Pan      | Took an exit into the Abyss.
170459 | Abyss:4  | Escaped into the Abyss
170469 | Abyss:4  | Found a corrupted altar of Lugonu.
170471 | Depths:1 | Escaped the Abyss
170577 | Zig:1    | Entered Level 1 of a ziggurat
170588 | Zig:2    | Entered Level 2 of a ziggurat
170607 | Zig:3    | Entered Level 3 of a ziggurat
170616 | Zig:3    | Acquired 1303 gold pieces
170618 | Zig:3    | Acquired 1217 gold pieces
170620 | Zig:3    | Acquired 616 gold pieces
170622 | Zig:3    | Identified the +3 war axe of the Wizarding Gods {speed,
                  | Dex+3 SInv}
170624 | Zig:4    | Entered Level 4 of a ziggurat
170640 | Zig:5    | Entered Level 5 of a ziggurat
170653 | Zig:5    | Identified the +8 quarterstaff "Wifask" {flame, rElec rN+}
170663 | Zig:6    | Entered Level 6 of a ziggurat
170687 | Zig:7    | Entered Level 7 of a ziggurat
170689 | Zig:7    | Noticed an ancient lich
170694 | Zig:7    | Killed an ancient lich
170712 | Zig:8    | Entered Level 8 of a ziggurat
170717 | Zig:8    | Noticed an ancient lich
170726 | Zig:8    | Killed an ancient lich
170748 | Zig:8    | Identified the staff of Winter {rElec rPois rC+++ rN+ Str-5
                  | Necro}
170752 | Zig:9    | Entered Level 9 of a ziggurat
170786 | Zig:9    | Identified the staff of Traps {rPois Str+5 Stlth+ Alchemy}
170791 | Zig:10   | Entered Level 10 of a ziggurat
170801 | Zig:10   | Noticed a dread lich
170802 | Zig:10   | Noticed an ancient lich
170804 | Zig:10   | Killed a dread lich
170806 | Zig:10   | Killed an ancient lich
170811 | Zig:10   | Identified the staff "Hupsirud" {^Fragile rF+ rCorr Str+8
                  | Int-4 Fire}
170816 | Zig:10   | Identified the ring of Finality {rElec rC+ MP-9 EV+5}
170838 | Zig:11   | Entered Level 11 of a ziggurat
170864 | Zig:11   | Found the +9 sword of Zonguldrok {reap}
170872 | Zig:11   | Identified the ring "Viur" {rC- Will+ AC+4 Stlth+}
170874 | Zig:11   | Identified the +4 arbalest "Tecror" {heavy, rPois Int+4
                  | Stlth+}
170890 | Zig:11   | Got the Lessons on Mustered Spellbinding
170893 | Zig:11   | Identified the +1 chain mail of Seplawn {rF++ rCorr}
170897 | Zig:12   | Entered Level 12 of a ziggurat
170905 | Zig:12   | Noticed Lamuacs the pandemonium lord
170911 | Zig:12   | Killed Lamuacs the pandemonium lord
170923 | Zig:12   | Identified the +2 chain mail of Discretion {Regen+ rCorr
                  | Int+2}
170926 | Zig:12   | Identified the +3 halberd "Xietemm" {protect, *Rage rPois
                  | Dex+6}
170927 | Zig:12   | Identified the +0 tower shield "Hero's Friend" {^Drain rF++
                  | SInv}
170935 | Zig:12   | Identified the +9 dire flail of the Mind {flame, *Corrode
                  | rPois Int+3}
170945 | Zig:13   | Entered Level 13 of a ziggurat
170975 | Zig:13   | Found the +2 Maxwell's thermic engine {flame, freeze, rev}
170992 | Zig:13   | Identified the ring of Zouxtim {rElec rF- EV+5 Str+4 Int+3}
170999 | Zig:13   | Got the Precepts of the Necropsy and the Missiles
171005 | Zig:14   | Entered Level 14 of a ziggurat
171021 | Zig:14   | Found the +8 longbow "Zephyr" {speed, Dex+3 SInv}
171049 | Zig:14   | Identified the staff of Caickutt {rElec rC+ Dex-3 Summ
                  | Necro Ice}
171053 | Zig:14   | Acquired 863 gold pieces
171054 | Zig:14   | Acquired 904 gold pieces
171055 | Zig:14   | Acquired 512 gold pieces
171057 | Zig:15   | Entered Level 15 of a ziggurat
171105 | Zig:15   | Found the +3 pair of gauntlets of War {Slay+5}
171113 | Zig:15   | Acquired 838 gold pieces
171114 | Zig:15   | Acquired the +1 hat of Parghyuf {rElec rF+ Regen+}
171153 | Zig:15   | Identified the staff of Doom {rPois Str+7 Alchemy}
171160 | Zig:16   | Entered Level 16 of a ziggurat
171270 | Zig:16   | Found the +11 Singing Sword {sonic wave}
171271 | Zig:16   | Found the +8 lance "Wyrmbane" {slay drac, rPois rF+ rC+
                  | AC+3}
171290 | Zig:16   | Identified the ring "Ebbiul" {rC+ Int+3 Dex+4 Slay+4 SInv}
171323 | Zig:17   | Entered Level 17 of a ziggurat
171364 | Zig:17   | Found the +2 shield of Resistance {rF++ rC++ Will++}
171391 | Zig:17   | Identified the +11 short sword "Yroidoar" {freeze, rElec
                  | Will++}
171402 | Zig:18   | Entered Level 18 of a ziggurat
171478 | Zig:18   | Identified the +0 plate armour "Seonurch" {Will+}
171490 | Zig:18   | Identified the +1 ring mail of Ishrud {Int+3}
171492 | Zig:18   | Identified the +1 shortbow of Misery {flame, Str+3 Int+4}
171494 | Zig:19   | Entered Level 19 of a ziggurat
171547 | Zig:19   | Identified the amulet "Anyuddoo" {Regen+ rCorr Str+5}
171552 | Zig:19   | Identified the staff of Pygeliyz {rF+ Fire Earth}
171555 | Zig:19   | Identified the +6 dagger "Imaarote" {vamp, rF+ rC+}
171575 | Zig:20   | Entered Level 20 of a ziggurat
171611 | Zig:20   | Noticed a dread lich
171614 | Zig:20   | Noticed a dread lich
171616 | Zig:20   | Killed a dread lich
171616 | Zig:20   | Killed a dread lich
171644 | Zig:20   | Identified the +5 trident of Ysipn {freeze, ^Drain rPois
                  | rC++ rCorr SInv}
171648 | Zig:20   | Identified the ring "Seliolao" {Fire rN+ Dex+4 Slay+2}
171651 | Zig:20   | Identified the +0 ring mail "Gydeam" {SInv Stlth+}
171654 | Zig:20   | Identified the amulet of Music {Acrobat rN+ rCorr Int+3}
171655 | Zig:20   | Identified the staff of Yesterday {rElec rC+ Int+3 Necro
                  | Ice}
171667 | Zig:21   | Entered Level 21 of a ziggurat
171684 | Zig:21   | Killed Paonluof the pandemonium lord
171688 | Zig:21   | Killed Kioty the pandemonium lord
171701 | Zig:21   | Noticed Girotaic the pandemonium lord
171705 | Zig:21   | Noticed Angael the pandemonium lord
171706 | Zig:21   | Noticed Nusuog the pandemonium lord
171706 | Zig:21   | Noticed Duehes the pandemonium lord
171706 | Zig:21   | Killed Girotaic the pandemonium lord
171709 | Zig:21   | Noticed Ehodud the pandemonium lord
171710 | Zig:21   | Killed Nusuog the pandemonium lord
171716 | Zig:21   | Killed Duehes the pandemonium lord
171718 | Zig:21   | Noticed Quceheatt the pandemonium lord
171719 | Zig:21   | Noticed Morypt the pandemonium lord
171721 | Zig:21   | Noticed Maomnas the pandemonium lord
171723 | Zig:21   | Killed Angael the pandemonium lord
171723 | Zig:21   | Killed Morypt the pandemonium lord
171724 | Zig:21   | Killed Quceheatt the pandemonium lord
171725 | Zig:21   | Killed Maomnas the pandemonium lord
171727 | Zig:21   | Noticed New Xuvu the pandemonium lord
171727 | Zig:21   | Noticed Nyzif the pandemonium lord
171731 | Zig:21   | Noticed Lautunutt the pandemonium lord
171733 | Zig:21   | Killed Nyzif the pandemonium lord
171740 | Zig:21   | Noticed Nimoriy the pandemonium lord
171741 | Zig:21   | Killed Lautunutt the pandemonium lord
171748 | Zig:21   | Killed Nimoriy the pandemonium lord
171748 | Zig:21   | Killed New Xuvu the pandemonium lord
171752 | Zig:21   | Killed Ehodud the pandemonium lord
171791 | Zig:21   | Identified the +5 great mace "Kohaf" {flame, Will+}
171849 | Zig:22   | Entered Level 22 of a ziggurat
171922 | Zig:22   | Identified the +1 trident of Honour {drain, rC++}
171924 | Zig:22   | Identified the +2 rapier "Safisu" {spect, rF+ SInv}
172030 | Zig:23   | Entered Level 23 of a ziggurat
172052 | Zig:23   | Noticed Diareagg the pandemonium lord
172057 | Zig:23   | Killed Diareagg the pandemonium lord
172071 | Zig:23   | Found the +1 eveningstar "Brilliance" {foul flame, Umbra}
172085 | Zig:23   | Identified the +7 spear "Giklouh" {pain, Str+3 Int+4 Dex-4
                  | SInv}
172087 | Zig:23   | Identified the +7 war axe "Ceragoq" {drain, ^Fragile rElec
                  | Int+3 Stlth+}
172153 | Zig:24   | Entered Level 24 of a ziggurat
172202 | Zig:24   | Identified the -2 pair of boots of Rufemus {rElec Will+
                  | rCorr Str-4}
172209 | Zig:24   | Identified the +4 mace "Ute Fixt" {freeze, *Noise rF+++ rC+
                  | Dex+3}
172229 | Zig:25   | Entered Level 25 of a ziggurat
172255 | Zig:25   | Noticed Qeshasm the pandemonium lord
172262 | Zig:25   | Killed Qeshasm the pandemonium lord
172267 | Zig:25   | Found the Charlatan's Orb {orb Evoboost}
172278 | Zig:25   | Identified the ring "Jularow" {rPois rN+ Int+2 Dex+5
                  | Stlth+}
172280 | Zig:25   | Identified the +8 shortbow "Cabaokea" {flame, rPois Int+3}
172290 | Zig:25   | Identified the +0 hand axe "Apis" {antimagic, rElec rF+
                  | rCorr}
172317 | Zig:26   | Entered Level 26 of a ziggurat
172358 | Zig:26   | Found the +4 Cigotuvi's embrace {Corpsefed rMiasma ^Drain
                  | rN+}
172370 | Zig:26   | Identified the +1 scale mail "Gonuumill" {Regen+ rCorr
                  | Int+2}
172375 | Zig:26   | Acquired 821 gold pieces
172376 | Zig:26   | Identified the +3 dagger of Terra Cotta {freeze, rF+ Will+
                  | Stlth-}
172382 | Zig:26   | Identified the +0 shortbow "Qownazi" {freeze, rF+ SInv}
172385 | Zig:26   | Identified the +6 great sword of Yniut {drain, Will+}
172409 | Zig:27   | Entered Level 27 of a ziggurat
172430 | Zig:27   | Noticed a dread lich
172432 | Zig:27   | Noticed an ancient lich
172433 | Zig:27   | Killed a dread lich
172436 | Zig:27   | Noticed a dread lich
172438 | Zig:27   | Killed an ancient lich
172439 | Zig:27   | Noticed an ancient lich
172441 | Zig:27   | Killed a dread lich
172443 | Zig:27   | Killed an ancient lich
172463 | Zig:27   | Identified the ring of Upliclog {Str+3 SInv}
172483 | Zig:27   | Identified the +1 chain mail "Kaunen" {+Inv Fly}
172486 | Zig:27   | Identified the +1 pair of gloves of the Evil One {*Corrode
                  | rElec Will+}
172702 | Zot:5    | Got the Orb of Zot
172890 | Depths:4 | Noticed Yrykkoq the pandemonium lord
172895 | Depths:4 | Killed Yrykkoq the pandemonium lord
173301 | D:$      | Escaped with the Orb!

Illustrated notes

Levels and vault maps discovered:
D:1:      eino_arrival_water_cross, layout_loops_ring, serial_forest,
          infiniplex_forest_side_room, infiniplex_forest_lined_4_way,
          infiniplex_forest_end_1, infiniplex_forest_lined_room_2,
          minmay_tetromino_s2
D:2:      layout_basic, hellmonk_ecumenical_altar_heavens_door, serial_shops,
          nicolae_shop_peninsula, nicolae_shop_unique_rings, nicolae_wormholes
D:3:      layout_rooms, mainiacjoe_overflow_cross_hatched,
          nicolae_dithmenos_shadow_blocks,
          mainiacjoe_sewer_entry_somewhere_in_here_1, grunt_decor_arrowhead,
          minmay_misc_feat_rows, chequers_big_river
D:4:      layout_cave_pools, minmay_temple_entry_butterflies, enter_ossuary_4
D:5:      layout_cave_pools, uniq_ijyb, uniq_crazy_yiuf_cottage
D:6:      layout_rooms, lemuel_crystal_altar, grunt_decor_resistance,
          minmay_quadrilaterals, uniq_menkaure, uniq_jeremiah, uniq_pikel
D:7:      layout_rooms, grunt_qazlal_clouds, enter_bailey_7,
          kennysheep_generic_room_13
D:8:      layout_gridville, mainiacjoe_overflow_24_doors, lair_entry_dummy,
          special_room [special_room_kobold]
D:9:      layout_irregular_city, mainiacjoe_overflow_six_doors_small,
          item_on_display_a, uniq_maggie
D:10:     layout_big_octagon, erik_orc_4
D:11:     layout_long_grid, nicolae_benzene_ring,
          chequers_serial_rivers_large_b, uniq_lodul
D:12:     layout_loops_ring, nicolae_shop_distant_corner_stores,
          roderic_lattice_a, uniq_sonja, uniq_nessos, uniq_erolcha
D:13:     minmay_coctagon, layout_rooms, ximxim_vaults_locker_room,
          kennysheep_small_spiral, nrook_campfire
D:14:     minmay_the_grid_triangle_9x9_rhombus_full_mashed
          [minmay_the_grid_triangle_9x9_shrine,
          minmay_the_grid_triangle_9x9_pentomino_pain,
          minmay_the_grid_triangle_9x9_wacky_v,
          minmay_the_grid_triangle_9x9_semitri,
          minmay_the_grid_triangle_9x9_corruption,
          minmay_the_grid_triangle_9x9_subtriangle,
          minmay_the_grid_triangle_9x9_descending_squares,
          minmay_the_grid_triangle_9x9_prize_center], layout_stronghold,
          fedhas_altar_2
D:15:     grunt_enter_depths_snipers, layout_basic, minmay_misc_feat_square,
          hex_large, minmay_lindwurm_lava
Temple:   regret_index_temple_sphere_string
Lair:1:   layout_cave_pods, wad_woods_06, serial_bayou_shore_a,
          serial_bayou_shore_b, uniq_joseph, uniq_amaemon
Lair:2:   layout_roguey, nicolae_volcano_entry_s_turn,
          grunt_forest_large_clearing_hut, grunt_megastairs_4
Lair:3:   layout_loops_ring, nicolae_shoals_entry_roost, spider_nest_entry_webs,
          portal_ice_cave_entry_imps
Lair:4:   layout_hall_layers, minivault_26, lemuel_fruit_tree
Lair:5:   hangedman_lair_tendril_chambers, layout_concentric_octagons,
          guppyfry_lair_end_dragon, nicolae_slime_entry_slimehenge,
          nicolae_lair_grove_arrangements, lemuel_oklob_altar,
          serial_bayou_shore_b
Shoals:1: layout_shoals, nicolae_shoals_water_shrine, uniq_roxanne
Shoals:2: layout_shoals, uniq_nikola, uniq_ilsuiw, uniq_louise
Shoals:3: layout_shoals, serial_shops, nicolae_square_shop,
          hangedman_shoal_volcano
Shoals:4: shoals_end_grunt_garden, layout_shoals, nicolae_shop_gadgets
Spider:1: layout_spider_delve
Spider:2: layout_spider_delve, uniq_arachne
Spider:3: layout_cave_pods, nicolae_spider_claw_tunnel
Spider:4: hellmonk_spider_rune_endless_swarm, uniq_donald
Slime:1:  layout_caves
Slime:2:  layout_caves
Slime:3:  layout_caves
Slime:4:  layout_caves
Slime:5:  slime_pit
Orc:1:    nicolae_orc_accident_2, layout_caves, basic_altar
Orc:2:    st_orc_congregation, layout_caves, uniq_azrael, uniq_urug
Elf:1:    eino_elf_arrival_the_gate, layout_loops_cross, hangedman_elf_disciples
Elf:2:    elven_hall_of_blades_hangedman_original
          [nicolae_blade_entry_area_security], layout_loops_cross, st_stairs_11,
          drop_trap
Elf:3:    minmay_elf_hall_hex, layout_rooms, mu_enter_wizlab_6,
          grunt_ministairs_12, drop_trap
Vaults:1: portal_desolation_entry_holy_temple, v_alt_pattern_5,
          vaults_mumra_chevron, nicolae_vaults_three_branches, v_misc_8,
          nicolae_vaults_prndl, nicolae_vaults_network_barrier,
          nicolae_vaults_prndl, hangedman_vaults_river_flow, vaults_dpeg_ring,
          nicolae_vaults_weapon_check, nicolae_vaults_storage_room_glass,
          ontoclasm_vaults_decontamination, layout_vaults_omnicross
Vaults:2: v_misc_3, nicolae_vaults_stepped_doors, gammafunk_sealed_library,
          minmay_crypt_entry_skeletal_spiral, v_rooms_5,
          nicolae_vaults_network_star, hangedman_vaults_restitches, v_misc_24,
          nicolae_vaults_storage_room_water, nicolae_vaults_oval_intersection,
          nicolae_vaults_border_crossing, nicolae_vaults_layer_cake_slice,
          nicolae_vaults_gold_heap, layout_vaults_omnibox, serial_shops,
          nicolae_shop_behind_doors
Vaults:3: nicolae_vaults_mini_display_case, nicolae_vaults_trapezoid_3,
          nicolae_vaults_network_quinsquares
          [nicolae_vaults_network_quincunx_subvault,
          nicolae_vaults_network_quincunx_subvault,
          nicolae_vaults_network_quincunx_subvault,
          nicolae_vaults_network_quincunx_subvault],
          nicolae_vaults_little_squares_3, nicolae_vaults_more_shelving_1,
          nicolae_vaults_octothorpe, nicolae_vaults_circle_grid_b,
          nicolae_vaults_six-pack, nicolae_vaults_house_1,
          nicolae_vaults_diamond_1, layout_vaults_chaotic_city, serial_shops,
          bzr_entry_customers
Vaults:4: hangedman_vaults_pinch, st_more_cells, hangedman_vaults_restitches,
          hangedman_vaults_corner, vaults_mumra_hex, vaults_room_door_ring,
          serial_ice_g, layout_vaults_omnigrid, serial_shops, bzr_entry_gold,
          nicolae_shop_behind_doors, nicolae_shop_tiny_waterfront, shop, shop
Vaults:5
Crypt:1:  layout_chaotic_city, grunt_crypt_arrival_webbed, uniq_jory,
          uniq_xtahua, uniq_margery
Crypt:2:  layout_misc_corridors, nicolae_crypt_lurching_hallway
Crypt:3:  due_elkab, layout_chaotic_city, tomb_entry_simple_bobbens,
          st_stairs_10, nicolae_crypt_ancient_font,
          serial_sigils_hangedman_gnaw, serial_sigils_hangedman_quiver,
          grunt_ministairs_3, chequers_hall_statues_corner_a
Tomb:1
Tomb:2
Tomb:3
Depths:1: minmay_heptahexagon, layout_gridville, hell_entry, pan_entry,
          nicolae_shop_i_like_small_books_too, lemuel_flamethrower_3,
          minmay_shop_star
Depths:2: nooodl_heptagram, layout_basic, minmay_misc_feat_roman, hell_entry,
          pan_entry
Depths:3: grunt_crosshair, layout_gridville, hangedman_tar_grid_catacomb,
          abyss_entry, nicolae_sextant, enter_trove_3
Depths:4: evilmike_zot_entry_castle, layout_cave_pools, enter_ziggurat_d,
          hell_entry, abyss_entry_small_statue_room,
          chequers_serial_rivers_micro_c, serial_library_hellmonk_layered_room,
          minmay_misc_feat_chi, nicolae_sif_muna_condensation
Hell
Dis:1:    layout_gridville
Dis:2:    nicolae_dis_pentagon_2, layout_gridville
Dis:3:    layout_regular_city, nicolae_dis_bowling_alley
Dis:4:    layout_jigsaw
Dis:5:    layout_regular_city
Dis:6:    layout_subdivisions, nicolae_dis_spooky_hallway
Dis:7:    dis_grunt_layers
Geh:1:    layout_gehenna_pools_box, nicolae_geh_fiery_graves
          [nicolae_geh_single_fiery_grave, nicolae_geh_single_fiery_grave,
          nicolae_geh_single_fiery_grave, nicolae_geh_single_fiery_grave,
          nicolae_geh_single_fiery_grave, nicolae_geh_single_fiery_grave,
          nicolae_geh_single_fiery_grave, nicolae_geh_single_fiery_grave,
          nicolae_geh_single_fiery_grave]
Geh:2:    layout_gehenna_pools_box, minmay_fire_ice_demons
Geh:3:    layout_gehenna_pools_basic, amcnicky_altar_lugonu_corruption
Geh:4:    nicolae_geh_split_lavaduct, layout_gehenna_pools_triple
Geh:5:    layout_gehenna_pools_basic
Geh:6:    layout_gehenna_pools_basic
Geh:7:    geh_mu
Coc:1:    layout_cocytus_water_paths
Coc:2:    layout_ice_bergs
Coc:3:    layout_cocytus_water_paths
Coc:4:    nicolae_coc_two_mouths, layout_ice_bergs
Coc:5:    layout_ice_bergs
Coc:6:    layout_ice_bergs, serial_ice, serial_ice_m, serial_ice_d,
          serial_ice_g, serial_ice_e
Coc:7:    coc_grunt
Tar:1:    layout_grid_maze
Tar:2:    layout_grid_maze, nicolae_tar_cuneiform_oil
Tar:3:    layout_grid_maze, grunt_tartarus_stairs_gauntlet_trap
Tar:4:    layout_catacombs
Tar:5:    layout_cathedral_of_symmetry
Tar:6:    layout_cathedral_of_symmetry
Tar:7:    tar_mu [tar_mu_maze]
Zot:1:    layout_cathedral_of_symmetry, uniq_vv
Zot:2:    layout_onion
Zot:3:    kennysheep_blocky_room, layout_misc_corridors, hangedman_zot_gyre,
          uniq_grunn
Zot:4:    layout_gridlike, nicolae_transporter_circle
Zot:5:    layout_misc_corridors

Skill      XL: |  1  2  3  4  5  6  7  8  9 10 11 12 13 14 15 16 17 18 19 20 21 22 23 24 25 26 27 |
---------------+----------------------------------------------------------------------------------+-----
Translocations | 4 5 6 7 8 9 10 11 12 14 18 19 20 27 | 27.0
Long Blades    | 3 5 7 8 10 11 13 14 15 16 17 18 27 | 27.0
Fighting       | 3 4 5 6 7 9 10 11 13 14 15 16 17 18 20 21 22 27 | 27.0
Spellcasting   | 3 4 5 6 7 8 9 10 12 14 25 | 25.1
Shields        | 2 3 5 6 10 11 13 14 15 16 27 | 27.0
Air Magic      | 3 5 6 7 |  7.0
Armour         | 3 5 7 9 10 11 12 13 14 15 27 | 27.0
Dodging        | 4 5 7 8 10 11 12 13 14 15 27 | 27.0
Throwing       | 2 4 5 8 10 11 27 | 27.0
Ice Magic      | 3 6 7 8 |  8.0
Evocations     | 1 5 7 8 9 10 25 | 25.9
Invocations    | 23 | 23.9
Summonings     | 25 | 25.9
Shapeshifting  | 27 | 27.0

Action                     |  1- 3 |  4- 6 |  7- 9 | 10-12 | 13-15 | 16-18 | 19-21 | 22-24 | 25-27 || total
---------------------------+-------+-------+-------+-------+-------+-------+-------+-------+-------++-------
  Melee: Falchion          |    87 |       |       |       |       |       |       |       |       ||    87
         Dagger            |    51 |   300 |   441 |   664 |       |       |       |       |       ||  1456
         Spear             |       |       |    30 |    24 |       |       |       |       |       ||    54
         Long sword        |       |       |       |   166 |       |       |       |       |       ||   166
         Triple sword      |       |       |       |    23 |   291 |       |       |       |       ||   314
         Katana            |       |       |       |       |   825 |  1598 |  1946 |  2015 | 14756 || 21140
         Flail             |       |       |       |       |     5 |       |       |       |       ||     5
         Scimitar          |       |       |       |       |       |    10 |       |       |       ||    10
         Eudemon blade     |       |       |       |       |       |       |       |       |  6117 ||  6117
         Bite              |       |       |       |       |       |       |       |       |  1426 ||  1426
         Kick              |       |       |       |       |       |       |       |       |  1138 ||  1138
         Headbutt          |       |       |       |       |       |       |       |       |   309 ||   309
         Pseudopods        |       |       |       |       |       |       |       |       |   215 ||   215
  Throw: Dart              |       |    13 |     7 |    83 |    21 |    12 |     6 |     2 |     9 ||   153
         Boomerang         |       |       |    17 |    11 |       |       |       |       |       ||    28
         Javelin           |       |       |     2 |     7 |       |     7 |     7 |     3 |    52 ||    78
   Cast: Blink             |     1 |     3 |     6 |    22 |    20 |    23 |    31 |     2 |    86 ||   194
         Lesser Beckoning  |       |     1 |    29 |    53 |    54 |    76 |    39 |    29 |    70 ||   351
         Maxwell's Portabl |       |       |    49 |    78 |    38 |    25 |    24 |    16 |     8 ||   238
         Apportation       |       |       |       |     3 |       |     3 |     1 |       |    54 ||    61
         Vhi's Electric Ch |       |       |       |    12 |    58 |   122 |   129 |    94 |  1210 ||  1625
         Teleport Other    |       |       |       |     1 |     2 |     2 |     4 |     1 |       ||    10
         Ozocubu's Armour  |       |       |       |       |       |     7 |    51 |    10 |    36 ||   104
         Manifold Assault  |       |       |       |       |       |       |    32 |   176 |  2736 ||  2944
         Dispersal         |       |       |       |       |       |       |     8 |       |    16 ||    24
         Passage of Golubr |       |       |       |       |       |       |     3 |     2 |    27 ||    32
         Gell's Gavotte    |       |       |       |       |       |       |     1 |    36 |   173 ||   210
         Malign Gateway    |       |       |       |       |       |       |       |       |   152 ||   152
         Summon Forest     |       |       |       |       |       |       |       |       |    52 ||    52
         Disjunction       |       |       |       |       |       |       |       |       |    14 ||    14
 Invoke: Call Merchant     |       |       |       |       |     1 |     4 |     1 |     1 |     4 ||    11
         Potion Petition   |       |       |       |       |       |     1 |     4 |     3 |     9 ||    17
         Bribe Branch      |       |       |       |       |       |       |       |       |     2 ||     2
         Slimify           |       |       |       |       |       |       |       |       |     7 ||     7
  Evoke: Wand              |       |       |     8 |    23 |    16 |    25 |     8 |     8 |    29 ||   117
         Tin of tremorston |       |       |       |       |       |     4 |     4 |     2 |     2 ||    12
         Phantom mirror    |       |       |       |       |       |     2 |       |     2 |    18 ||    22
         Phial of floods   |       |       |       |       |       |     2 |       |       |     2 ||     4
         Lightning rod     |       |       |       |       |       |     4 |     3 |     4 |     1 ||    12
         Sack of spiders   |       |       |       |       |       |     1 |     1 |     2 |    15 ||    19
         Horn of Geryon    |       |       |       |       |       |       |       |       |    10 ||    10
    Use: Potion            |       |     1 |     2 |     3 |     3 |    11 |       |     4 |    68 ||    92
         Scroll            |       |       |     6 |     4 |    11 |    18 |    12 |     7 |    55 ||   113
   Stab: Sleeping          |     2 |       |     1 |     1 |       |       |       |       |     7 ||    11
         Distracted        |       |       |     1 |     1 |    10 |     9 |     7 |     9 |   133 ||   170
         Betrayed ally     |       |       |       |       |       |       |       |       |     1 ||     1
         Confused          |       |       |       |       |       |       |       |       |   100 ||   100
         Petrified         |       |       |       |       |       |       |       |       |    13 ||    13
         Invisible         |       |       |       |       |       |       |       |       |     8 ||     8
         Paralysed         |       |       |       |       |       |       |       |       |     8 ||     8
         Petrifying        |       |       |       |       |       |       |       |       |     7 ||     7
         Held in net/web   |       |       |       |       |       |       |       |       |     2 ||     2
 Armour: Leather armour    |   115 |   189 |   332 |   537 |       |       |       |       |       ||  1173
         Scale mail        |       |       |       |   191 |   794 |  1093 |   837 |   352 |   365 ||  3632
         Skin              |       |       |       |       |       |     3 |     4 |       |       ||     7
         Ring mail         |       |       |       |       |       |       |       |       |   654 ||   654
         Plate armour      |       |       |       |       |       |       |       |       |   407 ||   407
         Chain mail        |       |       |       |       |       |       |       |       |   392 ||   392
  Dodge: Dodged            |    95 |   141 |   283 |   588 |   552 |   662 |   505 |   273 |  2885 ||  5984
         Repelled          |       |       |       |     2 |    37 |    41 |    52 |    80 |    53 ||   265
  Block: Buckler           |       |       |   134 |   257 |   157 |   372 |       |       |       ||   920
         Reflection        |       |       |       |       |       |     8 |    81 |    28 |   265 ||   382
         Kite shield       |       |       |       |       |       |   241 |  1014 |   502 |  5510 ||  7267
         Tower shield      |       |       |       |       |       |       |       |       |  2248 ||  2248
   Form: Death             |       |       |       |       |       |       |       |       |     8 ||     8
                           |       |       |       |       |       |       |       |       |     7 ||     7

Table legend: (Time is in decaauts)
 A = Elapsed time spent in this place.
 B = Non-inter-level travel time spent in this place.
 C = Inter-level travel time spent in this place.
 D = Time resting spent in this place.
 E = Time spent auto-exploring this place.
 F = Levels seen in this place.
 G = Mean time per level.
                   A        B        C        D        E       F      G
               +--------+--------+--------+--------+--------+-----+--------+
         Total | 168296 | 149876 |  18420 |  20102 |  67474 | 190 |  885.8 |
       Dungeon |  22304 |  16781 |   5523 |   3227 |   6866 |  15 | 1486.9 |
        Temple |     56 |      3 |     53 |      0 |      0 |   1 |   56.0 |
          Lair |  10286 |   7651 |   2635 |   1067 |   3533 |   5 | 2057.2 |
        Shoals |   6207 |   5421 |    786 |   1211 |   1742 |   4 | 1551.8 |
   Spider Nest |   6891 |   6487 |    404 |   2043 |   1617 |   4 | 1722.8 |
    Slime Pits |   1321 |   1190 |    131 |     88 |    549 |   5 |  264.2 |
  Orcish Mines |   2565 |   2323 |    242 |    433 |    825 |   2 | 1282.5 |
   Elven Halls |   3823 |   3414 |    409 |    471 |   1626 |   3 | 1274.3 |
        Vaults |  12492 |  10666 |   1826 |   2007 |   4579 |   5 | 2498.4 |
         Crypt |   4676 |   4112 |    564 |    310 |   1614 |   3 | 1558.7 |
          Tomb |   3292 |   2440 |    852 |    208 |    884 |   3 | 1097.3 |
        Depths |  10850 |   8323 |   2527 |   2428 |   2459 |   4 | 2712.5 |
          Hell |   1279 |   1142 |    137 |    215 |    348 |   1 | 1279.0 |
           Dis |   3086 |   2995 |     91 |    236 |    624 |   7 |  440.9 |
       Gehenna |   2523 |   2229 |    294 |     41 |   1059 |   7 |  360.4 |
       Cocytus |   2295 |   2104 |    191 |    138 |   1120 |   7 |  327.9 |
      Tartarus |   4396 |   3733 |    663 |    253 |   1755 |   7 |  628.0 |
           Zot |   9814 |   8727 |   1087 |   3279 |   2450 |   5 | 1962.8 |
         Abyss |  10739 |  10739 |      0 |      3 |   5657 |   6 | 1789.8 |
   Pandemonium |  39465 |  39465 |      0 |    201 |  26933 |  59 |  668.9 |
      Ziggurat |   1695 |   1695 |      0 |     34 |    124 |  27 |   62.8 |
        Bazaar |    251 |    251 |      0 |      0 |     60 |   2 |  125.5 |
         Trove |    117 |    117 |      0 |      0 |      0 |   1 |  117.0 |
         Sewer |   1523 |   1523 |      0 |    697 |    324 |   1 | 1523.0 |
       Ossuary |    616 |    616 |      0 |    226 |     55 |   1 |  616.0 |
        Bailey |   1829 |   1829 |      0 |    437 |     49 |   1 | 1829.0 |
      Ice Cave |    873 |    873 |      0 |    247 |    121 |   1 |  873.0 |
       Volcano |    474 |    474 |      0 |     10 |    198 |   1 |  474.0 |
        Wizlab |   1167 |   1167 |      0 |    491 |     40 |   1 | 1167.0 |
    Desolation |   1379 |   1379 |      0 |     99 |    257 |   1 | 1379.0 |
               +--------+--------+--------+--------+--------+-----+--------+

Top non-repeatable levels by time:
 Abyss:2: 7933 daAuts
Depths:1: 3436 daAuts
Vaults:2: 3406 daAuts
Depths:4: 2746 daAuts
   Tar:7: 2712 daAuts
Spider:3: 2700 daAuts
Vaults:3: 2606 daAuts
  Lair:1: 2555 daAuts
   Zot:3: 2535 daAuts
Vaults:4: 2484 daAuts
    D:10: 2432 daAuts
  Lair:5: 2413 daAuts
Depths:3: 2394 daAuts
Depths:2: 2272 daAuts
     D:9: 2263 daAuts
